Workbook
Name _: NA()
Name _____TOT2: NA()
Name ____ACA25: NA()
Name ____ACA50: NA()
Name ____CCM30: NA()
Name ____CMM30: NA()
Name ____KM406407: NA()
Name ____la2: NA()
Name ____PCM30: NA()
Name ____PL1: NA()
Name ____PLA2: NA()
Name ____PNV2002: NA()
Name ____PNV2003: NA()
Name ____PNV2009: NA()
Name ____PTB10: NA()
Name ____TB10: NA()
Name ____TOT1: NA()
Name ____TOT2: NA()
Name ____TOT3: NA()
Name ____TOT4: NA()
Name ____TOT5: NA()
Name ____TOT6: NA()
Name ____TOT7: NA()
Name ____tota: NA()
Name ____TSD2: NA()
Name ___ACA25: NA()
Name ___ACA50: NA()
Name ___CCM30: NA()
Name ___CMM30: NA()
Name ___KM406407: NA()
Name ___la2: NA()
Name ___PCM30: NA()
Name ___PL1: NA()
Name ___PLA2: NA()
Name ___PNV2002: NA()
Name ___PNV2003: NA()
Name ___PNV2009: NA()
Name ___PTB10: NA()
Name ___TB10: NA()
Name ___TOT1: NA()
Name ___TOT2: NA()
Name ___TOT3: NA()
Name ___TOT4: NA()
Name ___TOT5: NA()
Name ___TOT6: NA()
Name ___TOT7: NA()
Name ___TSD2: NA()
Name __ACA25: NA()
Name __ACA50: NA()
Name __CCM30: NA()
Name __CMM30: NA()
Name __KM406407: NA()
Name __la2: NA()
Name __PCM30: NA()
Name __PL1: NA()
Name __PLA2: NA()
Name __PNV2002: NA()
Name __PNV2003: NA()
Name __PNV2009: NA()
Name __PTB10: NA()

Sheet RESUMO
A2: ITEM | B2: DESCRIÇÃO | C2: CUSTO DIRETO (R$) | G2: PREÇO TOTAL (R$) | H2: %
C3: MÃO DE OBRA | D3: MATERIAL | E3: EQUIPAMENTO | F3: OUTROS
A4: 1 | B4: RUA JARANGUARI | C4: 45981.81 | D4: 177682.2 | E4: 17925.45 | F4: 16145.76 | G4: 297313.93 | H4: 38.052202
A5: 2 | B5: RUA GUANANBI | C5: 44115.98 | D5: 167209.81 | E5: 12850.21 | F5: 15614.91 | G5: 276453.01 | H5: 35.382283
A6: 3 | B6: RUA JOSÉ PAULINO | C6: 38138.95 | D6: 115712.43 | E6: 11855.27 | F6: 13559.2 | G6: 207564.8 | H6: 26.565515
B7: TOTAL: | C7: 128236.74 | D7: 460604.44 | E7: 42630.93 | F7: 45319.87 | G7: 781331.74 | H7: 100
E9: VALOR BDI TOTAL: | G9: 104539.73
E10: VALOR ORÇAMENTO: | G10: 676792.01
E11: VALOR TOTAL: | G11: 781331.74
A12: EVERALDO MERGULHÃO - CREA Nº 1818551071

Sheet PLANILHA ORCAMENTARIA
A2: ITEM | B2: CÓDIGO | C2: REF. | D2: DESCRIÇÃO | E2: UNID. | F2: QUANT. | G2: PREÇO UNIT SEM BDI R$ | H2: BDI (%) | I2: PREÇO UNIT COM BDI R$ | J2: PREÇO TOTAL R$
A3: 1 | B3: RUA JARANGUARI | G3: =ROUND(F4*G4,2)+ROUND(F10*G10,2)+ROUND(F14*G14,2)+ROUND(F18*G18,2)+ROUND(F27*G27,2)+ROUND(F33*G33,2)+ROUND(F39*G39,2) -> 0 | J3: =ROUND(J4+J10+J14+J18+J27+J33+J39,2) -> 297313.93
A4: 1.1 | B4: INSTALAÇÕES PROVISÓRIAS | G4: =ROUND(F5*G5,2)+ROUND(F6*G6,2)+ROUND(F7*G7,2)+ROUND(F8*G8,2)+ROUND(F9*G9,2) -> 7885.28 | J4: =ROUND(SUM(J5:J9),2) -> 9270.71
A5: 1.1.1 | B5: 103689 | C5: SINAPI | D5: FORNECIMENTO E INSTALAÇÃO DE PLACA DE OBRA COM CHAPA GALVANIZADA E ESTRUTURA DE MADEIRA. AF_03/2022_PS | E5: M2 | F5: 4.32 | G5: 468.43 | H5: 17.57 | I5: =ROUND(G5*ROUND(1+(H5/100),4),2) -> 550.73 | J5: =ROUND(ROUND(F5,2)*ROUND(I5,2),2) -> 2379.15
A6: 1.1.2 | B6: INS-13695818 | C6: Composições Próprias | D6: ALUGUEL DE BANHEIRO QUÍMICO INCLUSIVE LOCAÇÃO, TRANSPORTE E LIMPEZA | E6: MÊS | F6: 2 | G6: 1200 | H6: 17.57 | I6: =ROUND(G6*ROUND(1+(H6/100),4),2) -> 1410.84 | J6: =ROUND(ROUND(F6,2)*ROUND(I6,2),2) -> 2821.68
A7: 1.1.3 | B7: 00010775 | C7: SINAPI | D7: LOCACAO DE CONTAINER 2,30 X 6,00 M, ALT. 2,50 M, COM 1 SANITARIO, PARA ESCRITORIO, COMPLETO, SEM DIVISORIAS INTERNAS (NAO INCLUI MOBILIZACAO/DESMOBILIZACAO) | E7: MES | F7: 2 | G7: 847.5 | H7: 17.57 | I7: =ROUND(G7*ROUND(1+(H7/100),4),2) -> 996.41 | J7: =ROUND(ROUND(F7,2)*ROUND(I7,2),2) -> 1992.82
A8: 1.1.4 | B8: COMP-20511029 | C8: Composições Próprias | D8: MOBILIZAÇÃO DE CONTAINER_JANEIRO/2026 | E8: UND | F8: 1 | G8: 883.33 | H8: 17.57 | I8: =ROUND(G8*ROUND(1+(H8/100),4),2) -> 1038.53 | J8: =ROUND(ROUND(F8,2)*ROUND(I8,2),2) -> 1038.53
A9: 1.1.5 | B9: COMP-38919866 | C9: Composições Próprias | D9: DESMOBILIZAÇÃO DE CONTAINER_JANEIRO/2026 | E9: UND | F9: 1 | G9: 883.33 | H9: 17.57 | I9: =ROUND(G9*ROUND(1+(H9/100),4),2) -> 1038.53 | J9: =ROUND(ROUND(F9,2)*ROUND(I9,2),2) -> 1038.53
A10: 1.2 | B10: ADMINISTRAÇÃO LOCAL | G10: =ROUND(F11*G11,2)+ROUND(F12*G12,2)+ROUND(F13*G13,2) -> 17779.96 | J10: =ROUND(SUM(J11:J13),2) -> 20903.9
A11: 1.2.1 | B11: 93565 | C11: SINAPI | D11: ENGENHEIRO CIVIL DE OBRA JUNIOR COM ENCARGOS COMPLEMENTARES | E11: MES | F11: 0.25 | G11: 23154.54 | H11: 17.57 | I11: =ROUND(G11*ROUND(1+(H11/100),4),2) -> 27222.79 | J11: =ROUND(ROUND(F11,2)*ROUND(I11,2),2) -> 6805.7
A12: 1.2.2 | B12: 93572 | C12: SINAPI | D12: ENCARREGADO GERAL DE OBRAS COM ENCARGOS COMPLEMENTARES | E12: MES | F12: 1 | G12: 8475.47 | H12: 17.57 | I12: =ROUND(G12*ROUND(1+(H12/100),4),2) -> 9964.61 | J12: =ROUND(ROUND(F12,2)*ROUND(I12,2),2) -> 9964.61
A13: 1.2.3 | B13: CP-94296-25656932 | C13: Composições Próprias | D13: TOPOGRAFO COM ENCARGOS COMPLEMENTARES | E13: MES | F13: 0.5 | G13: 7031.7 | H13: 17.57 | I13: =ROUND(G13*ROUND(1+(H13/100),4),2) -> 8267.17 | J13: =ROUND(ROUND(F13,2)*ROUND(I13,2),2) -> 4133.59
A14: 1.3 | B14: TERRAPLANAGEM | G14: =ROUND(F15*G15,2)+ROUND(F16*G16,2)+ROUND(F17*G17,2) -> 23136.73 | J14: =ROUND(SUM(J15:J17),2) -> 27185.56
A15: 1.3.1 | B15: CP-74205/001-17324935 | C15: Composições Próprias | D15: ESCAVAÇÃO MECÂNICA DE MATERIAL 1A. CATEGORIA, PROVENIENTE DE CORTE DE SUBLEITO (C/TRATOR ESTEIRAS 160HP) | E15: M3 | F15: 1459.04 | G15: 2.4 | H15: 17.57 | I15: =ROUND(G15*ROUND(1+(H15/100),4),2) -> 2.82 | J15: =ROUND(ROUND(F15,2)*ROUND(I15,2),2) -> 4114.49
A16: 1.3.2 | B16: COMP-35145154 | C16: Composições Próprias | D16: CARGA E DESCARGA MECANICA DE SOLO UTILIZANDO CAMINHAO BASCULANTE 14,0M3/36T E PA CARREGADEIRA SOBRE PNEUS 128 HP, CAPACIDADE DA CAÇAMBA 1,7 A 2,8 M3, PESO OPERACIONAL 11632 KH | E16: M³ | F16: 1823.8 | G16: 2.52 | H16: 17.57 | I16: =ROUND(G16*ROUND(1+(H16/100),4),2) -> 2.96 | J16: =ROUND(ROUND(F16,2)*ROUND(I16,2),2) -> 5398.45
A17: 1.3.3 | B17: 95876 | C17: SINAPI | D17: TRANSPORTE COM CAMINHÃO BASCULANTE DE 14 M³, EM VIA URBANA PAVIMENTADA, DMT ATÉ 30 KM (UNIDADE: M3XKM). AF_07/2020 | E17: M3XKM | F17: 6930.44 | G17: 2.17 | H17: 17.57 | I17: =ROUND(G17*ROUND(1+(H17/100),4),2) -> 2.55 | J17: =ROUND(ROUND(F17,2)*ROUND(I17,2),2) -> 17672.62
A18: 1.4 | B18: PAVIMENTAÇÃO | G18: =ROUND(F19*G19,2)+ROUND(F20*G20,2)+ROUND(F21*G21,2)+ROUND(F22*G22,2)+ROUND(F23*G23,2)+ROUND(F24*G24,2)+ROUND(F25*G25,2)+ROUND(F26*G26,2) -> 172755.83 | J18: =ROUND(SUM(J19:J26),2) -> 197419.72
A19: 1.4.1 | B19: 100576 | C19: SINAPI | D19: REGULARIZAÇÃO E COMPACTAÇÃO DE SUBLEITO DE SOLO PREDOMINANTEMENTE ARGILOSO, PARA OBRAS DE CONSTRUÇÃO DE PAVIMENTOS. AF_09/2024 | E19: M2 | F19: 1067.96 | G19: 2.77 | H19: 17.57 | I19: =ROUND(G19*ROUND(1+(H19/100),4),2) -> 3.26 | J19: =ROUND(ROUND(F19,2)*ROUND(I19,2),2) -> 3481.55
A20: 1.4.2 | B20: 105730 | C20: SINAPI | D20: CONSTRUÇÃO DE BASE E SUB-BASE PARA PAVIMENTAÇÃO DE BRITA GRADUADA SIMPLES, COM ESPESSURA DE 20 CM - EXCLUSIVE CARGA E TRANSPORTE. AF_09/2024 | E20: M3 | F20: 213.59 | G20: 173.93 | H20: 17.57 | I20: =ROUND(G20*ROUND(1+(H20/100),4),2) -> 204.49 | J20: =ROUND(ROUND(F20,2)*ROUND(I20,2),2) -> 43677.02
A21: 1.4.3 | B21: COMP-35145154 | C21: Composições Próprias | D21: CARGA E DESCARGA MECANICA DE SOLO UTILIZANDO CAMINHAO BASCULANTE 14,0M3/36T E PA CARREGADEIRA SOBRE PNEUS 128 HP, CAPACIDADE DA CAÇAMBA 1,7 A 2,8 M3, PESO OPERACIONAL 11632 KH | E21: M³ | F21: 266.99 | G21: 2.52 | H21: 17.57 | I21: =ROUND(G21*ROUND(1+(H21/100),4),2) -> 2.96 | J21: =ROUND(ROUND(F21,2)*ROUND(I21,2),2) -> 790.29
A22: 1.4.4 | B22: COMP-83526730 | C22: Composições Próprias | D22: TRANSPORTE COMERCIAL DE BRITA | E22: M³XKM | F22: 2589.8 | G22: 1.25 | H22: 17.57 | I22: =ROUND(G22*ROUND(1+(H22/100),4),2) -> 1.47 | J22: =ROUND(ROUND(F22,2)*ROUND(I22,2),2) -> 3807.01
A23: 1.4.5 | B23: CP-92399-27762594 | C23: Composições Próprias | D23: EXECUÇÃO DE VIA EM PISO INTERTRAVADO, COM BLOCO RETANGULAR COR NATURAL/COLORIDO DE 20 X 10 CM, ESPESSURA 8 CM - (SEM O MATERIAL BLOQUETE/PISO INTERTRAVADO) | E23: M2 | F23: 1067.96 | G23: 23.95 | H23: 17.57 | I23: =ROUND(G23*ROUND(1+(H23/100),4),2) -> 28.16 | J23: =ROUND(ROUND(F23,2)*ROUND(I23,2),2) -> 30073.75
A24: 1.4.6 | B24: 00036170 | C24: SINAPI | D24: BLOQUETE/PISO INTERTRAVADO DE CONCRETO - MODELO ONDA/16 FACES/RETANGULAR/TIJOLINHO/PAVER/HOLANDES/PARALELEPIPEDO, *20 X 10* CM, E = 8 CM, RESISTENCIA DE 35 MPA, COR NATURAL - BDI = 10,07 | E24: M2 | F24: 743.45 | G24: 64.5 | H24: 10.07 | I24: =ROUND(G24*ROUND(1+(H24/100),4),2) -> 71 | J24: =ROUND(ROUND(F24,2)*ROUND(I24,2),2) -> 52784.95
A25: 1.4.7 | B25: 00036154 | C25: SINAPI | D25: BLOQUETE/PISO INTERTRAVADO DE CONCRETO - MODELO ONDA/16 FACES/RETANGULAR/TIJOLINHO/PAVER/HOLANDES/PARALELEPIPEDO, *20 X 10* CM, E = 8 CM, RESISTENCIA DE 35 MPA, COLORIDO - BDI = 10,07 | E25: M2 | F25: 328.76 | G25: 85.33 | H25: 10.07 | I25: =ROUND(G25*ROUND(1+(H25/100),4),2) -> 93.92 | J25: =ROUND(ROUND(F25,2)*ROUND(I25,2),2) -> 30877.14
A26: 1.4.8 | B26: 94273 | C26: SINAPI | D26: ASSENTAMENTO DE GUIA (MEIO-FIO) EM TRECHO RETO, CONFECCIONADA EM CONCRETO PRÉ-FABRICADO, DIMENSÕES 100X15X13X30 CM (COMPRIMENTO X BASE INFERIOR X BASE SUPERIOR X ALTURA). AF_01/2024 | E26: M | F26: 516.05 | G26: 52.62 | H26: 17.57 | I26: =ROUND(G26*ROUND(1+(H26/100),4),2) -> 61.87 | J26: =ROUND(ROUND(F26,2)*ROUND(I26,2),2) -> 31928.01
A27: 1.5 | B27: DRENAGEM | G27: =ROUND(F28*G28,2)+ROUND(F29*G29,2)+ROUND(F30*G30,2)+ROUND(F31*G31,2)+ROUND(F32*G32,2) -> 9114.13 | J27: =ROUND(SUM(J28:J32),2) -> 10715.78
A28: 1.5.1 | B28: 93358 | C28: SINAPI | D28: ESCAVAÇÃO MANUAL DE VALA. AF_09/2024 | E28: M3 | F28: 5.04 | G28: 95.25 | H28: 17.57 | I28: =ROUND(G28*ROUND(1+(H28/100),4),2) -> 111.99 | J28: =ROUND(ROUND(F28,2)*ROUND(I28,2),2) -> 564.43
A29: 1.5.2 | B29: 94974 | C29: SINAPI | D29: CONCRETO MAGRO PARA LASTRO, TRAÇO 1:4,5:4,5 (EM MASSA SECA DE CIMENTO/ AREIA MÉDIA/ BRITA 1) - PREPARO MANUAL. AF_05/2021 | E29: M3 | F29: 3.15 | G29: 519.13 | H29: 17.57 | I29: =ROUND(G29*ROUND(1+(H29/100),4),2) -> 610.34 | J29: =ROUND(ROUND(F29,2)*ROUND(I29,2),2) -> 1922.57
A30: 1.5.3 | B30: 94971 | C30: SINAPI | D30: CONCRETO FCK = 25MPA, TRAÇO 1:2,3:2,7 (EM MASSA SECA DE CIMENTO/ AREIA MÉDIA/ BRITA 1) - PREPARO MECÂNICO COM BETONEIRA 600 L. AF_05/2021 | E30: M3 | F30: 5.04 | G30: 552.76 | H30: 17.57 | I30: =ROUND(G30*ROUND(1+(H30/100),4),2) -> 649.88 | J30: =ROUND(ROUND(F30,2)*ROUND(I30,2),2) -> 3275.4
A31: 1.5.4 | B31: CP-74157/004-48264518 | C31: Composições Próprias | D31: LANCAMENTO/APLICACAO MANUAL DE CONCRETO EM FUNDACOES (concreto magro) | E31: M3 | F31: 8.19 | G31: 157.61 | H31: 17.57 | I31: =ROUND(G31*ROUND(1+(H31/100),4),2) -> 185.3 | J31: =ROUND(ROUND(F31,2)*ROUND(I31,2),2) -> 1517.61
A32: 1.5.5 | B32: CP-S03639-45770834 | C32: Composições Próprias | D32: Fornecimento e instalação de tela aço soldada nervurada CA-60, Q-283, malha 10x10cm, ferro 6.02mm (4,48 kg/m2), painel 2,45x6,0m, Telcon ou similar | E32: m2 | F32: 63.03 | G32: 46.36 | H32: 17.57 | I32: =ROUND(G32*ROUND(1+(H32/100),4),2) -> 54.51 | J32: =ROUND(ROUND(F32,2)*ROUND(I32,2),2) -> 3435.77
A33: 1.6 | B33: SINALIZAÇÃO | G33: =ROUND(F34*G34,2)+ROUND(F35*G35,2)+ROUND(F36*G36,2)+ROUND(F37*G37,2)+ROUND(F38*G38,2) -> 5953.11 | J33: =ROUND(SUM(J34:J38),2) -> 6999.1
A34: 1.6.1 | B34: 5213416 | C34: SICRO NOVO | D34: Confecção de placa em aço nº 16 galvanizado, com película tipo I + I | E34: m² | F34: 6.6 | G34: 407.21 | H34: 17.57 | I34: =ROUND(G34*ROUND(1+(H34/100),4),2) -> 478.76 | J34: =ROUND(ROUND(F34,2)*ROUND(I34,2),2) -> 3159.82
A35: 1.6.2 | B35: 5213421 | C35: SICRO NOVO | D35: Confecção de placa em aço nº 16 galvanizado, com película tipo I + IV | E35: m² | F35: 6.6 | G35: 401.42 | H35: 17.57 | I35: =ROUND(G35*ROUND(1+(H35/100),4),2) -> 471.95 | J35: =ROUND(ROUND(F35,2)*ROUND(I35,2),2) -> 3114.87
A36: 1.6.3 | B36: 103695 | C36: SINAPI | D36: FORNECIMENTO E INSTALAÇÃO DE SUPORTE DE MADEIRA PARA PLACAS DE SINALIZAÇÃO, EM SOLO, COM H= DE 2,0 M E SEÇÃO DE 7,5 X 7,5 CM. AF_03/2022 | E36: UN | F36: 3 | G36: 104.87 | H36: 17.57 | I36: =ROUND(G36*ROUND(1+(H36/100),4),2) -> 123.3 | J36: =ROUND(ROUND(F36,2)*ROUND(I36,2),2) -> 369.9
A37: 1.6.4 | B37: COMP-58084869 | C37: Composições Próprias | D37: PLACA ESMALTADA PARA IDENTIFICAÇÃO NR DE RUA, DIMENSÕES 45X25CM | E37: UND | F37: 1 | G37: 142.87 | H37: 17.57 | I37: =ROUND(G37*ROUND(1+(H37/100),4),2) -> 167.97 | J37: =ROUND(ROUND(F37,2)*ROUND(I37,2),2) -> 167.97
A38: 1.6.5 | B38: CP-72947-21572945 | C38: Composições Próprias | D38: SINALIZACAO HORIZONTAL COM TINTA RETRORREFLETIVA A BASE DE RESINA ACRILICA COM MICROESFERAS DE VIDRO | E38: M2 | F38: 4.32 | G38: 36.73 | H38: 17.57 | I38: =ROUND(G38*ROUND(1+(H38/100),4),2) -> 43.18 | J38: =ROUND(ROUND(F38,2)*ROUND(I38,2),2) -> 186.54
A39: 1.7 | B39: SERVIÇOS COMPLEMENTARES | G39: =ROUND(F40*G40,2)+ROUND(F41*G41,2)+ROUND(F42*G42,2) -> 21110.2 | J39: =ROUND(SUM(J40:J42),2) -> 24819.16
A40: 1.7.1 | B40: 97896 | C40: SINAPI | D40: CAIXA ENTERRADA HIDRÁULICA RETANGULAR, EM CONCRETO PRÉ-MOLDADO, DIMENSÕES INTERNAS: 0,4X0,4X0,4 M. AF_12/2020 | E40: UN | F40: 32 | G40: 283.1 | H40: 17.57 | I40: =ROUND(G40*ROUND(1+(H40/100),4),2) -> 332.84 | J40: =ROUND(ROUND(F40,2)*ROUND(I40,2),2) -> 10650.88
A41: 1.7.2 | B41: 102264 | C41: SINAPI | D41: TUBO DE PVC BRANCO PARA REDE COLETORA DE ESGOTO CONDOMINIAL DE PAREDE MACIÇA, DN 100 MM, JUNTA ELÁSTICA - FORNECIMENTO E ASSENTAMENTO. AF_01/2021 | E41: M | F41: 300 | G41: 17.31 | H41: 17.57 | I41: =ROUND(G41*ROUND(1+(H41/100),4),2) -> 20.35 | J41: =ROUND(ROUND(F41,2)*ROUND(I41,2),2) -> 6105
A42: 1.7.3 | B42: 93358 | C42: SINAPI | D42: ESCAVAÇÃO MANUAL DE VALA. AF_09/2024 | E42: M3 | F42: 72 | G42: 95.25 | H42: 17.57 | I42: =ROUND(G42*ROUND(1+(H42/100),4),2) -> 111.99 | J42: =ROUND(ROUND(F42,2)*ROUND(I42,2),2) -> 8063.28
A43: 2 | B43: RUA GUANANBI | G43: =ROUND(F44*G44,2)+ROUND(F50*G50,2)+ROUND(F54*G54,2)+ROUND(F58*G58,2)+ROUND(F67*G67,2)+ROUND(F73*G73,2)+ROUND(F79*G79,2) -> 0 | J43: =ROUND(J44+J50+J54+J58+J67+J73+J79,2) -> 276453.01
A44: 2.1 | B44: INSTALAÇÕES PROVISÓRIAS | G44: =ROUND(F45*G45,2)+ROUND(F46*G46,2)+ROUND(F47*G47,2)+ROUND(F48*G48,2)+ROUND(F49*G49,2) -> 7885.28 | J44: =ROUND(SUM(J45:J49),2) -> 9270.71
A45: 2.1.1 | B45: 103689 | C45: SINAPI | D45: FORNECIMENTO E INSTALAÇÃO DE PLACA DE OBRA COM CHAPA GALVANIZADA E ESTRUTURA DE MADEIRA. AF_03/2022_PS | E45: M2 | F45: 4.32 | G45: 468.43 | H45: 17.57 | I45: =ROUND(G45*ROUND(1+(H45/100),4),2) -> 550.73 | J45: =ROUND(ROUND(F45,2)*ROUND(I45,2),2) -> 2379.15
A46: 2.1.2 | B46: INS-13695818 | C46: Composições Próprias | D46: ALUGUEL DE BANHEIRO QUÍMICO INCLUSIVE LOCAÇÃO, TRANSPORTE E LIMPEZA | E46: MÊS | F46: 2 | G46: 1200 | H46: 17.57 | I46: =ROUND(G46*ROUND(1+(H46/100),4),2) -> 1410.84 | J46: =ROUND(ROUND(F46,2)*ROUND(I46,2),2) -> 2821.68
A47: 2.1.3 | B47: 00010775 | C47: SINAPI | D47: LOCACAO DE CONTAINER 2,30 X 6,00 M, ALT. 2,50 M, COM 1 SANITARIO, PARA ESCRITORIO, COMPLETO, SEM DIVISORIAS INTERNAS (NAO INCLUI MOBILIZACAO/DESMOBILIZACAO) | E47: MES | F47: 2 | G47: 847.5 | H47: 17.57 | I47: =ROUND(G47*ROUND(1+(H47/100),4),2) -> 996.41 | J47: =ROUND(ROUND(F47,2)*ROUND(I47,2),2) -> 1992.82
A48: 2.1.4 | B48: COMP-20511029 | C48: Composições Próprias | D48: MOBILIZAÇÃO DE CONTAINER_JANEIRO/2026 | E48: UND | F48: 1 | G48: 883.33 | H48: 17.57 | I48: =ROUND(G48*ROUND(1+(H48/100),4),2) -> 1038.53 | J48: =ROUND(ROUND(F48,2)*ROUND(I48,2),2) -> 1038.53
A49: 2.1.5 | B49: COMP-38919866 | C49: Composições Próprias | D49: DESMOBILIZAÇÃO DE CONTAINER_JANEIRO/2026 | E49: UND | F49: 1 | G49: 883.33 | H49: 17.57 | I49: =ROUND(G49*ROUND(1+(H49/100),4),2) -> 1038.53 | J49: =ROUND(ROUND(F49,2)*ROUND(I49,2),2) -> 1038.53
A50: 2.2 | B50: ADMINISTRAÇÃO LOCAL | G50: =ROUND(F51*G51,2)+ROUND(F52*G52,2)+ROUND(F53*G53,2) -> 17779.96 | J50: =ROUND(SUM(J51:J53),2) -> 20903.9
A51: 2.2.1 | B51: 93565 | C51: SINAPI | D51: ENGENHEIRO CIVIL DE OBRA JUNIOR COM ENCARGOS COMPLEMENTARES | E51: MES | F51: 0.25 | G51: 23154.54 | H51: 17.57 | I51: =ROUND(G51*ROUND(1+(H51/100),4),2) -> 27222.79 | J51: =ROUND(ROUND(F51,2)*ROUND(I51,2),2) -> 6805.7
A52: 2.2.2 | B52: 93572 | C52: SINAPI | D52: ENCARREGADO GERAL DE OBRAS COM ENCARGOS COMPLEMENTARES | E52: MES | F52: 1 | G52: 8475.47 | H52: 17.57 | I52: =ROUND(G52*ROUND(1+(H52/100),4),2) -> 9964.61 | J52: =ROUND(ROUND(F52,2)*ROUND(I52,2),2) -> 9964.61
A53: 2.2.3 | B53: CP-94296-25656932 | C53: Composições Próprias | D53: TOPOGRAFO COM ENCARGOS COMPLEMENTARES | E53: MES | F53: 0.5 | G53: 7031.7 | H53: 17.57 | I53: =ROUND(G53*ROUND(1+(H53/100),4),2) -> 8267.17 | J53: =ROUND(ROUND(F53,2)*ROUND(I53,2),2) -> 4133.59
A54: 2.3 | B54: TERRAPLANAGEM | G54: =ROUND(F55*G55,2)+ROUND(F56*G56,2)+ROUND(F57*G57,2) -> 12090.49 | J54: =ROUND(SUM(J55:J57),2) -> 14206.02
A55: 2.3.1 | B55: CP-74205/001-17324935 | C55: Composições Próprias | D55: ESCAVAÇÃO MECÂNICA DE MATERIAL 1A. CATEGORIA, PROVENIENTE DE CORTE DE SUBLEITO (C/TRATOR ESTEIRAS 160HP) | E55: M3 | F55: 901.18 | G55: 2.4 | H55: 17.57 | I55: =ROUND(G55*ROUND(1+(H55/100),4),2) -> 2.82 | J55: =ROUND(ROUND(F55,2)*ROUND(I55,2),2) -> 2541.33
A56: 2.3.2 | B56: COMP-35145154 | C56: Composições Próprias | D56: CARGA E DESCARGA MECANICA DE SOLO UTILIZANDO CAMINHAO BASCULANTE 14,0M3/36T E PA CARREGADEIRA SOBRE PNEUS 128 HP, CAPACIDADE DA CAÇAMBA 1,7 A 2,8 M3, PESO OPERACIONAL 11632 KH | E56: M³ | F56: 1126.48 | G56: 2.52 | H56: 17.57 | I56: =ROUND(G56*ROUND(1+(H56/100),4),2) -> 2.96 | J56: =ROUND(ROUND(F56,2)*ROUND(I56,2),2) -> 3334.38
A57: 2.3.3 | B57: 95876 | C57: SINAPI | D57: TRANSPORTE COM CAMINHÃO BASCULANTE DE 14 M³, EM VIA URBANA PAVIMENTADA, DMT ATÉ 30 KM (UNIDADE: M3XKM). AF_07/2020 | E57: M3XKM | F57: 3266.79 | G57: 2.17 | H57: 17.57 | I57: =ROUND(G57*ROUND(1+(H57/100),4),2) -> 2.55 | J57: =ROUND(ROUND(F57,2)*ROUND(I57,2),2) -> 8330.31
A58: 2.4 | B58: PAVIMENTAÇÃO | G58: =ROUND(F59*G59,2)+ROUND(F60*G60,2)+ROUND(F61*G61,2)+ROUND(F62*G62,2)+ROUND(F63*G63,2)+ROUND(F64*G64,2)+ROUND(F65*G65,2)+ROUND(F66*G66,2) -> 166024.62 | J58: =ROUND(SUM(J59:J66),2) -> 189734.57
A59: 2.4.1 | B59: 100576 | C59: SINAPI | D59: REGULARIZAÇÃO E COMPACTAÇÃO DE SUBLEITO DE SOLO PREDOMINANTEMENTE ARGILOSO, PARA OBRAS DE CONSTRUÇÃO DE PAVIMENTOS. AF_09/2024 | E59: M2 | F59: 1015.58 | G59: 2.77 | H59: 17.57 | I59: =ROUND(G59*ROUND(1+(H59/100),4),2) -> 3.26 | J59: =ROUND(ROUND(F59,2)*ROUND(I59,2),2) -> 3310.79
A60: 2.4.2 | B60: 105730 | C60: SINAPI | D60: CONSTRUÇÃO DE BASE E SUB-BASE PARA PAVIMENTAÇÃO DE BRITA GRADUADA SIMPLES, COM ESPESSURA DE 20 CM - EXCLUSIVE CARGA E TRANSPORTE. AF_09/2024 | E60: M3 | F60: 203.12 | G60: 173.93 | H60: 17.57 | I60: =ROUND(G60*ROUND(1+(H60/100),4),2) -> 204.49 | J60: =ROUND(ROUND(F60,2)*ROUND(I60,2),2) -> 41536.01
A61: 2.4.3 | B61: COMP-35145154 | C61: Composições Próprias | D61: CARGA E DESCARGA MECANICA DE SOLO UTILIZANDO CAMINHAO BASCULANTE 14,0M3/36T E PA CARREGADEIRA SOBRE PNEUS 128 HP, CAPACIDADE DA CAÇAMBA 1,7 A 2,8 M3, PESO OPERACIONAL 11632 KH | E61: M³ | F61: 253.9 | G61: 2.52 | H61: 17.57 | I61: =ROUND(G61*ROUND(1+(H61/100),4),2) -> 2.96 | J61: =ROUND(ROUND(F61,2)*ROUND(I61,2),2) -> 751.54
A62: 2.4.4 | B62: COMP-83526730 | C62: Composições Próprias | D62: TRANSPORTE COMERCIAL DE BRITA | E62: M³XKM | F62: 2234.32 | G62: 1.25 | H62: 17.57 | I62: =ROUND(G62*ROUND(1+(H62/100),4),2) -> 1.47 | J62: =ROUND(ROUND(F62,2)*ROUND(I62,2),2) -> 3284.45
A63: 2.4.5 | B63: CP-92399-27762594 | C63: Composições Próprias | D63: EXECUÇÃO DE VIA EM PISO INTERTRAVADO, COM BLOCO RETANGULAR COR NATURAL/COLORIDO DE 20 X 10 CM, ESPESSURA 8 CM - (SEM O MATERIAL BLOQUETE/PISO INTERTRAVADO) | E63: M2 | F63: 1015.58 | G63: 23.95 | H63: 17.57 | I63: =ROUND(G63*ROUND(1+(H63/100),4),2) -> 28.16 | J63: =ROUND(ROUND(F63,2)*ROUND(I63,2),2) -> 28598.73
A64: 2.4.6 | B64: 00036170 | C64: SINAPI | D64: BLOQUETE/PISO INTERTRAVADO DE CONCRETO - MODELO ONDA/16 FACES/RETANGULAR/TIJOLINHO/PAVER/HOLANDES/PARALELEPIPEDO, *20 X 10* CM, E = 8 CM, RESISTENCIA DE 35 MPA, COR NATURAL - BDI = 10,07 | E64: M2 | F64: 712.72 | G64: 64.5 | H64: 10.07 | I64: =ROUND(G64*ROUND(1+(H64/100),4),2) -> 71 | J64: =ROUND(ROUND(F64,2)*ROUND(I64,2),2) -> 50603.12
A65: 2.4.7 | B65: 00036154 | C65: SINAPI | D65: BLOQUETE/PISO INTERTRAVADO DE CONCRETO - MODELO ONDA/16 FACES/RETANGULAR/TIJOLINHO/PAVER/HOLANDES/PARALELEPIPEDO, *20 X 10* CM, E = 8 CM, RESISTENCIA DE 35 MPA, COLORIDO - BDI = 10,07 | E65: M2 | F65: 316.17 | G65: 85.33 | H65: 10.07 | I65: =ROUND(G65*ROUND(1+(H65/100),4),2) -> 93.92 | J65: =ROUND(ROUND(F65,2)*ROUND(I65,2),2) -> 29694.69
A66: 2.4.8 | B66: 94273 | C66: SINAPI | D66: ASSENTAMENTO DE GUIA (MEIO-FIO) EM TRECHO RETO, CONFECCIONADA EM CONCRETO PRÉ-FABRICADO, DIMENSÕES 100X15X13X30 CM (COMPRIMENTO X BASE INFERIOR X BASE SUPERIOR X ALTURA). AF_01/2024 | E66: M | F66: 516.49 | G66: 52.62 | H66: 17.57 | I66: =ROUND(G66*ROUND(1+(H66/100),4),2) -> 61.87 | J66: =ROUND(ROUND(F66,2)*ROUND(I66,2),2) -> 31955.24
A67: 2.5 | B67: DRENAGEM | G67: =ROUND(F68*G68,2)+ROUND(F69*G69,2)+ROUND(F70*G70,2)+ROUND(F71*G71,2)+ROUND(F72*G72,2) -> 8947.23 | J67: =ROUND(SUM(J68:J72),2) -> 10519.55
A68: 2.5.1 | B68: 93358 | C68: SINAPI | D68: ESCAVAÇÃO MANUAL DE VALA. AF_09/2024 | E68: M3 | F68: 4.95 | G68: 95.25 | H68: 17.57 | I68: =ROUND(G68*ROUND(1+(H68/100),4),2) -> 111.99 | J68: =ROUND(ROUND(F68,2)*ROUND(I68,2),2) -> 554.35
A69: 2.5.2 | B69: 94974 | C69: SINAPI | D69: CONCRETO MAGRO PARA LASTRO, TRAÇO 1:4,5:4,5 (EM MASSA SECA DE CIMENTO/ AREIA MÉDIA/ BRITA 1) - PREPARO MANUAL. AF_05/2021 | E69: M3 | F69: 3.09 | G69: 519.13 | H69: 17.57 | I69: =ROUND(G69*ROUND(1+(H69/100),4),2) -> 610.34 | J69: =ROUND(ROUND(F69,2)*ROUND(I69,2),2) -> 1885.95
A70: 2.5.3 | B70: 94971 | C70: SINAPI | D70: CONCRETO FCK = 25MPA, TRAÇO 1:2,3:2,7 (EM MASSA SECA DE CIMENTO/ AREIA MÉDIA/ BRITA 1) - PREPARO MECÂNICO COM BETONEIRA 600 L. AF_05/2021 | E70: M3 | F70: 4.95 | G70: 552.76 | H70: 17.57 | I70: =ROUND(G70*ROUND(1+(H70/100),4),2) -> 649.88 | J70: =ROUND(ROUND(F70,2)*ROUND(I70,2),2) -> 3216.91
A71: 2.5.4 | B71: CP-74157/004-48264518 | C71: Composições Próprias | D71: LANCAMENTO/APLICACAO MANUAL DE CONCRETO EM FUNDACOES (concreto magro) | E71: M3 | F71: 8.04 | G71: 157.61 | H71: 17.57 | I71: =ROUND(G71*ROUND(1+(H71/100),4),2) -> 185.3 | J71: =ROUND(ROUND(F71,2)*ROUND(I71,2),2) -> 1489.81
A72: 2.5.5 | B72: CP-S03639-45770834 | C72: Composições Próprias | D72: Fornecimento e instalação de tela aço soldada nervurada CA-60, Q-283, malha 10x10cm, ferro 6.02mm (4,48 kg/m2), painel 2,45x6,0m, Telcon ou similar | E72: m2 | F72: 61.87 | G72: 46.36 | H72: 17.57 | I72: =ROUND(G72*ROUND(1+(H72/100),4),2) -> 54.51 | J72: =ROUND(ROUND(F72,2)*ROUND(I72,2),2) -> 3372.53
A73: 2.6 | B73: SINALIZAÇÃO | G73: =ROUND(F74*G74,2)+ROUND(F75*G75,2)+ROUND(F76*G76,2)+ROUND(F77*G77,2)+ROUND(F78*G78,2) -> 5953.11 | J73: =ROUND(SUM(J74:J78),2) -> 6999.1
A74: 2.6.1 | B74: 5213416 | C74: SICRO NOVO | D74: Confecção de placa em aço nº 16 galvanizado, com película tipo I + I | E74: m² | F74: 6.6 | G74: 407.21 | H74: 17.57 | I74: =ROUND(G74*ROUND(1+(H74/100),4),2) -> 478.76 | J74: =ROUND(ROUND(F74,2)*ROUND(I74,2),2) -> 3159.82
A75: 2.6.2 | B75: 5213421 | C75: SICRO NOVO | D75: Confecção de placa em aço nº 16 galvanizado, com película tipo I + IV | E75: m² | F75: 6.6 | G75: 401.42 | H75: 17.57 | I75: =ROUND(G75*ROUND(1+(H75/100),4),2) -> 471.95 | J75: =ROUND(ROUND(F75,2)*ROUND(I75,2),2) -> 3114.87
A76: 2.6.3 | B76: 103695 | C76: SINAPI | D76: FORNECIMENTO E INSTALAÇÃO DE SUPORTE DE MADEIRA PARA PLACAS DE SINALIZAÇÃO, EM SOLO, COM H= DE 2,0 M E SEÇÃO DE 7,5 X 7,5 CM. AF_03/2022 | E76: UN | F76: 3 | G76: 104.87 | H76: 17.57 | I76: =ROUND(G76*ROUND(1+(H76/100),4),2) -> 123.3 | J76: =ROUND(ROUND(F76,2)*ROUND(I76,2),2) -> 369.9
A77: 2.6.4 | B77: COMP-58084869 | C77: Composições Próprias | D77: PLACA ESMALTADA PARA IDENTIFICAÇÃO NR DE RUA, DIMENSÕES 45X25CM | E77: UND | F77: 1 | G77: 142.87 | H77: 17.57 | I77: =ROUND(G77*ROUND(1+(H77/100),4),2) -> 167.97 | J77: =ROUND(ROUND(F77,2)*ROUND(I77,2),2) -> 167.97
A78: 2.6.5 | B78: CP-72947-21572945 | C78: Composições Próprias | D78: SINALIZACAO HORIZONTAL COM TINTA RETRORREFLETIVA A BASE DE RESINA ACRILICA COM MICROESFERAS DE VIDRO | E78: M2 | F78: 4.32 | G78: 36.73 | H78: 17.57 | I78: =ROUND(G78*ROUND(1+(H78/100),4),2) -> 43.18 | J78: =ROUND(ROUND(F78,2)*ROUND(I78,2),2) -> 186.54
A79: 2.7 | B79: SERVIÇOS COMPLEMENTARES | G79: =ROUND(F80*G80,2)+ROUND(F81*G81,2)+ROUND(F82*G82,2) -> 21110.2 | J79: =ROUND(SUM(J80:J82),2) -> 24819.16
A80: 2.7.1 | B80: 97896 | C80: SINAPI | D80: CAIXA ENTERRADA HIDRÁULICA RETANGULAR, EM CONCRETO PRÉ-MOLDADO, DIMENSÕES INTERNAS: 0,4X0,4X0,4 M. AF_12/2020 | E80: UN | F80: 32 | G80: 283.1 | H80: 17.57 | I80: =ROUND(G80*ROUND(1+(H80/100),4),2) -> 332.84 | J80: =ROUND(ROUND(F80,2)*ROUND(I80,2),2) -> 10650.88
A81: 2.7.2 | B81: 102264 | C81: SINAPI | D81: TUBO DE PVC BRANCO PARA REDE COLETORA DE ESGOTO CONDOMINIAL DE PAREDE MACIÇA, DN 100 MM, JUNTA ELÁSTICA - FORNECIMENTO E ASSENTAMENTO. AF_01/2021 | E81: M | F81: 300 | G81: 17.31 | H81: 17.57 | I81: =ROUND(G81*ROUND(1+(H81/100),4),2) -> 20.35 | J81: =ROUND(ROUND(F81,2)*ROUND(I81,2),2) -> 6105
A82: 2.7.3 | B82: 93358 | C82: SINAPI | D82: ESCAVAÇÃO MANUAL DE VALA. AF_09/2024 | E82: M3 | F82: 72 | G82: 95.25 | H82: 17.57 | I82: =ROUND(G82*ROUND(1+(H82/100),4),2) -> 111.99 | J82: =ROUND(ROUND(F82,2)*ROUND(I82,2),2) -> 8063.28
A83: 3 | B83: RUA JOSÉ PAULINO | G83: =ROUND(F84*G84,2)+ROUND(F90*G90,2)+ROUND(F94*G94,2)+ROUND(F98*G98,2)+ROUND(F106*G106,2)+ROUND(F112*G112,2)+ROUND(F118*G118,2) -> 0 | J83: =ROUND(J84+J90+J94+J98+J106+J112+J118,2) -> 207564.8
A84: 3.1 | B84: INSTALAÇÕES PROVISÓRIAS | G84: =ROUND(F85*G85,2)+ROUND(F86*G86,2)+ROUND(F87*G87,2)+ROUND(F88*G88,2)+ROUND(F89*G89,2) -> 7885.28 | J84: =ROUND(SUM(J85:J89),2) -> 9270.71
A85: 3.1.1 | B85: 103689 | C85: SINAPI | D85: FORNECIMENTO E INSTALAÇÃO DE PLACA DE OBRA COM CHAPA GALVANIZADA E ESTRUTURA DE MADEIRA. AF_03/2022_PS | E85: M2 | F85: 4.32 | G85: 468.43 | H85: 17.57 | I85: =ROUND(G85*ROUND(1+(H85/100),4),2) -> 550.73 | J85: =ROUND(ROUND(F85,2)*ROUND(I85,2),2) -> 2379.15
A86: 3.1.2 | B86: INS-13695818 | C86: Composições Próprias | D86: ALUGUEL DE BANHEIRO QUÍMICO INCLUSIVE LOCAÇÃO, TRANSPORTE E LIMPEZA | E86: MÊS | F86: 2 | G86: 1200 | H86: 17.57 | I86: =ROUND(G86*ROUND(1+(H86/100),4),2) -> 1410.84 | J86: =ROUND(ROUND(F86,2)*ROUND(I86,2),2) -> 2821.68
A87: 3.1.3 | B87: 00010775 | C87: SINAPI | D87: LOCACAO DE CONTAINER 2,30 X 6,00 M, ALT. 2,50 M, COM 1 SANITARIO, PARA ESCRITORIO, COMPLETO, SEM DIVISORIAS INTERNAS (NAO INCLUI MOBILIZACAO/DESMOBILIZACAO) | E87: MES | F87: 2 | G87: 847.5 | H87: 17.57 | I87: =ROUND(G87*ROUND(1+(H87/100),4),2) -> 996.41 | J87: =ROUND(ROUND(F87,2)*ROUND(I87,2),2) -> 1992.82
A88: 3.1.4 | B88: COMP-20511029 | C88: Composições Próprias | D88: MOBILIZAÇÃO DE CONTAINER_JANEIRO/2026 | E88: UND | F88: 1 | G88: 883.33 | H88: 17.57 | I88: =ROUND(G88*ROUND(1+(H88/100),4),2) -> 1038.53 | J88: =ROUND(ROUND(F88,2)*ROUND(I88,2),2) -> 1038.53
A89: 3.1.5 | B89: COMP-38919866 | C89: Composições Próprias | D89: DESMOBILIZAÇÃO DE CONTAINER_JANEIRO/2026 | E89: UND | F89: 1 | G89: 883.33 | H89: 17.57 | I89: =ROUND(G89*ROUND(1+(H89/100),4),2) -> 1038.53 | J89: =ROUND(ROUND(F89,2)*ROUND(I89,2),2) -> 1038.53
A90: 3.2 | B90: ADMINISTRAÇÃO LOCAL | G90: =ROUND(F91*G91,2)+ROUND(F92*G92,2)+ROUND(F93*G93,2) -> 17779.96 | J90: =ROUND(SUM(J91:J93),2) -> 20903.9
A91: 3.2.1 | B91: 93565 | C91: SINAPI | D91: ENGENHEIRO CIVIL DE OBRA JUNIOR COM ENCARGOS COMPLEMENTARES | E91: MES | F91: 0.25 | G91: 23154.54 | H91: 17.57 | I91: =ROUND(G91*ROUND(1+(H91/100),4),2) -> 27222.79 | J91: =ROUND(ROUND(F91,2)*ROUND(I91,2),2) -> 6805.7
A92: 3.2.2 | B92: 93572 | C92: SINAPI | D92: ENCARREGADO GERAL DE OBRAS COM ENCARGOS COMPLEMENTARES | E92: MES | F92: 1 | G92: 8475.47 | H92: 17.57 | I92: =ROUND(G92*ROUND(1+(H92/100),4),2) -> 9964.61 | J92: =ROUND(ROUND(F92,2)*ROUND(I92,2),2) -> 9964.61
A93: 3.2.3 | B93: CP-94296-25656932 | C93: Composições Próprias | D93: TOPOGRAFO COM ENCARGOS COMPLEMENTARES | E93: MES | F93: 0.5 | G93: 7031.7 | H93: 17.57 | I93: =ROUND(G93*ROUND(1+(H93/100),4),2) -> 8267.17 | J93: =ROUND(ROUND(F93,2)*ROUND(I93,2),2) -> 4133.59
A94: 3.3 | B94: TERRAPLANAGEM | G94: =ROUND(F95*G95,2)+ROUND(F96*G96,2)+ROUND(F97*G97,2) -> 14046.08 | J94: =ROUND(SUM(J95:J97),2) -> 16504.06
A95: 3.3.1 | B95: CP-74205/001-17324935 | C95: Composições Próprias | D95: ESCAVAÇÃO MECÂNICA DE MATERIAL 1A. CATEGORIA, PROVENIENTE DE CORTE DE SUBLEITO (C/TRATOR ESTEIRAS 160HP) | E95: M3 | F95: 901.18 | G95: 2.4 | H95: 17.57 | I95: =ROUND(G95*ROUND(1+(H95/100),4),2) -> 2.82 | J95: =ROUND(ROUND(F95,2)*ROUND(I95,2),2) -> 2541.33
A96: 3.3.2 | B96: COMP-35145154 | C96: Composições Próprias | D96: CARGA E DESCARGA MECANICA DE SOLO UTILIZANDO CAMINHAO BASCULANTE 14,0M3/36T E PA CARREGADEIRA SOBRE PNEUS 128 HP, CAPACIDADE DA CAÇAMBA 1,7 A 2,8 M3, PESO OPERACIONAL 11632 KH | E96: M³ | F96: 1126.48 | G96: 2.52 | H96: 17.57 | I96: =ROUND(G96*ROUND(1+(H96/100),4),2) -> 2.96 | J96: =ROUND(ROUND(F96,2)*ROUND(I96,2),2) -> 3334.38
A97: 3.3.3 | B97: 95876 | C97: SINAPI | D97: TRANSPORTE COM CAMINHÃO BASCULANTE DE 14 M³, EM VIA URBANA PAVIMENTADA, DMT ATÉ 30 KM (UNIDADE: M3XKM). AF_07/2020 | E97: M3XKM | F97: 4167.98 | G97: 2.17 | H97: 17.57 | I97: =ROUND(G97*ROUND(1+(H97/100),4),2) -> 2.55 | J97: =ROUND(ROUND(F97,2)*ROUND(I97,2),2) -> 10628.35
A98: 3.4 | B98: PAVIMENTAÇÃO | G98: =ROUND(F99*G99,2)+ROUND(F100*G100,2)+ROUND(F101*G101,2)+ROUND(F102*G102,2)+ROUND(F103*G103,2)+ROUND(F104*G104,2)+ROUND(F105*G105,2) -> 102917.44 | J98: =ROUND(SUM(J99:J105),2) -> 117811.64
A99: 3.4.1 | B99: 100576 | C99: SINAPI | D99: REGULARIZAÇÃO E COMPACTAÇÃO DE SUBLEITO DE SOLO PREDOMINANTEMENTE ARGILOSO, PARA OBRAS DE CONSTRUÇÃO DE PAVIMENTOS. AF_09/2024 | E99: M2 | F99: 625.29 | G99: 2.77 | H99: 17.57 | I99: =ROUND(G99*ROUND(1+(H99/100),4),2) -> 3.26 | J99: =ROUND(ROUND(F99,2)*ROUND(I99,2),2) -> 2038.45
A100: 3.4.2 | B100: 105730 | C100: SINAPI | D100: CONSTRUÇÃO DE BASE E SUB-BASE PARA PAVIMENTAÇÃO DE BRITA GRADUADA SIMPLES, COM ESPESSURA DE 20 CM - EXCLUSIVE CARGA E TRANSPORTE. AF_09/2024 | E100: M3 | F100: 130.46 | G100: 173.93 | H100: 17.57 | I100: =ROUND(G100*ROUND(1+(H100/100),4),2) -> 204.49 | J100: =ROUND(ROUND(F100,2)*ROUND(I100,2),2) -> 26677.77
A101: 3.4.3 | B101: COMP-35145154 | C101: Composições Próprias | D101: CARGA E DESCARGA MECANICA DE SOLO UTILIZANDO CAMINHAO BASCULANTE 14,0M3/36T E PA CARREGADEIRA SOBRE PNEUS 128 HP, CAPACIDADE DA CAÇAMBA 1,7 A 2,8 M3, PESO OPERACIONAL 11632 KH | E101: M³ | F101: 163.08 | G101: 2.52 | H101: 17.57 | I101: =ROUND(G101*ROUND(1+(H101/100),4),2) -> 2.96 | J101: =ROUND(ROUND(F101,2)*ROUND(I101,2),2) -> 482.72
...

Sheet JARANGUARI
C1: PREFEITURA MUNICIPAL DO JABOATÃO DOS GUARARAPES
C2: SECRETARIA MUNICIPAL DE PLANEJAMENTO E GESTÃO
C3: SECRETARIA EXECUTIVA DE PROJETOS DE ARQUITETURA E URBANISMO
A4: MEMÓRIA DE CÁLCULO
A5: Objeto: ORÇAMENTO PARA PAVIMENTAÇÃO E DRENAGEM DAS RUAS JARANGUARI, GUANANBI E JOSÉ PAULINO
A6: Local: Jaboatão dos Guararapes
A7: Município: Jaboatão dos Guararapes/PE | J7: {='[9]Planilha Orçamentária'!A8:F8} -> Data: AGOSTO/2022 | K7: #REF! | L7: #REF! | M7: #REF! | N7: #REF! | O7: #REF!
A8: Item | B8: Código | C8: Descrição | D8: Und | E8: Taxa | F8: Comp. | G8: Larg. | H8: Alt. | I8: QTDE | J8: Total
A9: 1.0 | B9: RUA JARANGUARI
A10: 1.1 | C10: INSTALAÇÕES PROVISÓRIAS
A11: 1.1.1 | B11: =VLOOKUP(A11,'PLANILHA ORCAMENTARIA'!A:J,2,0) -> 103689 | C11: =VLOOKUP(A11,'PLANILHA ORCAMENTARIA'!A:J,4,0) -> FORNECIMENTO E INSTALAÇÃO DE PLACA DE OBRA COM CHAPA GALVANIZADA E ESTRUTURA DE MADEIRA. AF_03/2022_PS | D11: =VLOOKUP(A11,'PLANILHA ORCAMENTARIA'!A:J,5,0) -> M2 | F11: COMPRIMENTO | G11: LARGURA | I11: QUANTIDADE DE PLACAS | J11: =ROUND(SUM(J13:J13),2) -> 4.32 | K11: =SUBSTITUTE(A11,4,1,1) -> 1.1.1
K12: =SUBSTITUTE(A12,4,1,1)
F13: 3.6 | G13: 1.2 | I13: 1 | J13: =ROUND(PRODUCT(E13:I13),2) -> 4.32 | K13: =SUBSTITUTE(A13,4,1,1)
K14: =SUBSTITUTE(A14,4,1,1)
A15: 1.1.2 | B15: =VLOOKUP(A15,'PLANILHA ORCAMENTARIA'!A:J,2,0) -> INS-13695818 | C15: =VLOOKUP(A15,'PLANILHA ORCAMENTARIA'!A:J,4,0) -> ALUGUEL DE BANHEIRO QUÍMICO INCLUSIVE LOCAÇÃO, TRANSPORTE E LIMPEZA | D15: =VLOOKUP(A15,'PLANILHA ORCAMENTARIA'!A:J,5,0) -> MÊS | J15: =ROUND(SUM(J18:J18),2) -> 2 | K15: =SUBSTITUTE(A15,4,1,1) -> 1.1.2
I16: QUANTIDADE DE MESES | K16: =SUBSTITUTE(A16,4,1,1)
K17: =SUBSTITUTE(A17,4,1,1)
I18: 2 | J18: =ROUND(PRODUCT(E18:I18),2) -> 2 | K18: =SUBSTITUTE(A18,4,1,1)
K19: =SUBSTITUTE(A19,4,1,1)
A20: 1.1.3 | B20: =VLOOKUP(A20,'PLANILHA ORCAMENTARIA'!A:J,2,0) -> 00010775 | C20: =VLOOKUP(A20,'PLANILHA ORCAMENTARIA'!A:J,4,0) -> LOCACAO DE CONTAINER 2,30 X 6,00 M, ALT. 2,50 M, COM 1 SANITARIO, PARA ESCRITORIO, COMPLETO, SEM DIVISORIAS INTERNAS (NAO INCLUI MOBILIZACAO/DESMOBILIZACAO) | D20: =VLOOKUP(A20,'PLANILHA ORCAMENTARIA'!A:J,5,0) -> MES | J20: =ROUND(SUM(J22:J22),2) -> 2 | K20: =SUBSTITUTE(A20,4,1,1) -> 1.1.3
I21: QUANTIDADE | K21: =SUBSTITUTE(A21,4,1,1)
I22: =I18 -> 2 | J22: =ROUND(PRODUCT(E22:I22),2) -> 2 | K22: =SUBSTITUTE(A22,4,1,1)
K23: =SUBSTITUTE(A23,4,1,1)
A24: 1.1.4 | B24: =VLOOKUP(A24,'PLANILHA ORCAMENTARIA'!A:J,2,0) -> COMP-20511029 | C24: =VLOOKUP(A24,'PLANILHA ORCAMENTARIA'!A:J,4,0) -> MOBILIZAÇÃO DE CONTAINER_JANEIRO/2026 | D24: =VLOOKUP(A24,'PLANILHA ORCAMENTARIA'!A:J,5,0) -> UND | J24: =ROUND(SUM(J26:J26),2) -> 1 | K24: =SUBSTITUTE(A24,4,1,1) -> 1.1.1
I25: QUANTIDADE | K25: =SUBSTITUTE(A25,4,1,1)
I26: 1 | J26: =ROUND(PRODUCT(E26:I26),2) -> 1 | K26: =SUBSTITUTE(A26,4,1,1)
K27: =SUBSTITUTE(A27,4,1,1)
A28: 1.1.5 | B28: =VLOOKUP(A28,'PLANILHA ORCAMENTARIA'!A:J,2,0) -> COMP-38919866 | C28: =VLOOKUP(A28,'PLANILHA ORCAMENTARIA'!A:J,4,0) -> DESMOBILIZAÇÃO DE CONTAINER_JANEIRO/2026 | D28: =VLOOKUP(A28,'PLANILHA ORCAMENTARIA'!A:J,5,0) -> UND | J28: =ROUND(SUM(J30:J30),2) -> 1 | K28: =SUBSTITUTE(A28,4,1,1) -> 1.1.5
I29: QUANTIDADE | K29: =SUBSTITUTE(A29,4,1,1)
I30: 1 | J30: =ROUND(PRODUCT(E30:I30),2) -> 1 | K30: =SUBSTITUTE(A30,4,1,1)
K31: =SUBSTITUTE(A31,4,1,1)
A32: 1.2 | C32: ADMINISTRAÇÃO LOCAL | K32: =SUBSTITUTE(A32,4,1,1) -> 1.2
A33: 1.2.1 | B33: =VLOOKUP(A33,'PLANILHA ORCAMENTARIA'!A:J,2,0) -> 93565 | C33: =VLOOKUP(A33,'PLANILHA ORCAMENTARIA'!A:J,4,0) -> ENGENHEIRO CIVIL DE OBRA JUNIOR COM ENCARGOS COMPLEMENTARES | D33: =VLOOKUP(A33,'PLANILHA ORCAMENTARIA'!A:J,5,0) -> MES | J33: =ROUND(SUM(J35),2) -> 0.25 | K33: =SUBSTITUTE(A33,4,1,1) -> 1.2.1
C34: 2 meses de obra | K34: =SUBSTITUTE(A34,4,1,1)
C35: 2 meses de obra com 22 dias trabalhados e 1h por dia | E35: =22/176 -> 0.125 | I35: =I18 -> 2 | J35: =ROUND(PRODUCT(E35:I35),2) -> 0.25 | K35: =SUBSTITUTE(A35,4,1,1)
C36: 1 horas x 22 dias = 22 horas no mês | K36: =SUBSTITUTE(A36,4,1,1)
C37: 1 mês tem 22 dias x 8 horas = 176 horas | K37: =SUBSTITUTE(A37,4,1,1)
K38: =SUBSTITUTE(A38,4,1,1)
A39: 1.2.2 | B39: =VLOOKUP(A39,'PLANILHA ORCAMENTARIA'!A:J,2,0) -> 93572 | C39: =VLOOKUP(A39,'PLANILHA ORCAMENTARIA'!A:J,4,0) -> ENCARREGADO GERAL DE OBRAS COM ENCARGOS COMPLEMENTARES | D39: =VLOOKUP(A39,'PLANILHA ORCAMENTARIA'!A:J,5,0) -> MES | J39: =ROUND(SUM(J41),2) -> 1 | K39: =SUBSTITUTE(A39,4,1,1) -> 1.2.2
C40: 2 meses de obra | K40: =SUBSTITUTE(A40,4,1,1)
C41: 2 meses de obra com 22 dias trabalhados e 1h por dia | E41: =88/176 -> 0.5 | I41: =I18 -> 2 | J41: =ROUND(PRODUCT(E41:I41),2) -> 1 | K41: =SUBSTITUTE(A41,4,1,1)
C42: 1 horas x 22 dias = 22 horas no mês | K42: =SUBSTITUTE(A42,4,1,1)
C43: 1 mês tem 22 dias x 8 horas = 176 horas | K43: =SUBSTITUTE(A43,4,1,1)
K44: =SUBSTITUTE(A44,4,1,1)
A45: 1.2.3 | B45: =VLOOKUP(A45,'PLANILHA ORCAMENTARIA'!A:J,2,0) -> CP-94296-25656932 | C45: =VLOOKUP(A45,'PLANILHA ORCAMENTARIA'!A:J,4,0) -> TOPOGRAFO COM ENCARGOS COMPLEMENTARES | D45: =VLOOKUP(A45,'PLANILHA ORCAMENTARIA'!A:J,5,0) -> MES | J45: =ROUND(SUM(J47),2) -> 0.5 | K45: =SUBSTITUTE(A45,4,1,1) -> 1.2.3
C46: 0,5 mes de obra | K46: =SUBSTITUTE(A46,4,1,1)
I47: 0.5 | J47: =ROUND(PRODUCT(E47:I47),2) -> 0.5 | K47: =SUBSTITUTE(A47,4,1,1)
K48: =SUBSTITUTE(A48,4,1,1)
A49: 1.3 | C49: TERRAPLANAGEM | K49: =SUBSTITUTE(A49,4,1,1) -> 1.3
A50: 1.3.1 | B50: =VLOOKUP(A50,'PLANILHA ORCAMENTARIA'!A:J,2,0) -> CP-74205/001-17324935 | C50: =VLOOKUP(A50,'PLANILHA ORCAMENTARIA'!A:J,4,0) -> ESCAVAÇÃO MECÂNICA DE MATERIAL 1A. CATEGORIA, PROVENIENTE DE CORTE DE SUBLEITO (C/TRATOR ESTEIRAS 160HP) | D50: =VLOOKUP(A50,'PLANILHA ORCAMENTARIA'!A:J,5,0) -> M3 | J50: =ROUND(SUM(J52:J52),2) -> 1459.04 | K50: =SUBSTITUTE(A50,4,1,1) -> 1.3.1
C51: Projeto: TER_ST_MC_NS_R_PARATI | I51: VOLUME | K51: =SUBSTITUTE(A51,4,1,1)
C52: Mapa de Cubação | I52: 1459.04 | J52: =ROUND(PRODUCT(E52:I52),2) -> 1459.04 | K52: =SUBSTITUTE(A52,4,1,1)
K53: =SUBSTITUTE(A53,4,1,1)
A54: 1.3.2 | B54: =VLOOKUP(A54,'PLANILHA ORCAMENTARIA'!A:J,2,0) -> COMP-35145154 | C54: =VLOOKUP(A54,'PLANILHA ORCAMENTARIA'!A:J,4,0) -> CARGA E DESCARGA MECANICA DE SOLO UTILIZANDO CAMINHAO BASCULANTE 14,0M3/36T E PA CARREGADEIRA SOBRE PNEUS 128 HP, CAPACIDADE DA CAÇAMBA 1,7 A 2,8 M3, PESO OPERACIONAL 11632 KH | D54: =VLOOKUP(A54,'PLANILHA ORCAMENTARIA'!A:J,5,0) -> M³ | J54: =ROUND(SUM(J56:J56),2) -> 1823.8 | K54: =SUBSTITUTE(A54,4,1,1) -> 1.3.2
C55: Volume de carga e descarga = Volume escavado | E55: EMPOLAMENTO | I55: VOLUME | K55: =SUBSTITUTE(A55,4,1,1)
C56: V = Volume de carga e descarga x 1,25 (empolamento) | E56: 1.25 | I56: =J50 -> 1459.04 | J56: =ROUND(PRODUCT(E56:I56),2) -> 1823.8 | K56: =SUBSTITUTE(A56,4,1,1)
K57: =SUBSTITUTE(A57,4,1,1)
A58: 1.3.3 | B58: =VLOOKUP(A58,'PLANILHA ORCAMENTARIA'!A:J,2,0) -> 95876 | C58: =VLOOKUP(A58,'PLANILHA ORCAMENTARIA'!A:J,4,0) -> TRANSPORTE COM CAMINHÃO BASCULANTE DE 14 M³, EM VIA URBANA PAVIMENTADA, DMT ATÉ 30 KM (UNIDADE: M3XKM). AF_07/2020 | D58: =VLOOKUP(A58,'PLANILHA ORCAMENTARIA'!A:J,5,0) -> M3XKM | J58: =ROUND(SUM(J60:J60),2) -> 6930.44 | K58: =SUBSTITUTE(A58,4,1,1) -> 1.3.3
C59: Projeto: TER_ST_MC_NS_R_PARATI | E59: DMT | I59: VOLUME | K59: =SUBSTITUTE(A59,4,1,1)
C60: V = Volume de carga x DMT (9,50Km) | E60: 3.8 | I60: =J54 -> 1823.8 | J60: =ROUND(PRODUCT(E60:I60),2) -> 6930.44 | K60: =SUBSTITUTE(A60,4,1,1)
K61: =SUBSTITUTE(A61,4,1,1)
A62: 1.4 | C62: PAVIMENTAÇÃO | K62: =SUBSTITUTE(A62,4,1,1) -> 1.1
A63: 1.4.1 | B63: =VLOOKUP(A63,'PLANILHA ORCAMENTARIA'!A:J,2,0) -> 100576 | C63: =VLOOKUP(A63,'PLANILHA ORCAMENTARIA'!A:J,4,0) -> REGULARIZAÇÃO E COMPACTAÇÃO DE SUBLEITO DE SOLO PREDOMINANTEMENTE ARGILOSO, PARA OBRAS DE CONSTRUÇÃO DE PAVIMENTOS. AF_09/2024 | D63: =VLOOKUP(A63,'PLANILHA ORCAMENTARIA'!A:J,5,0) -> M2 | J63: =ROUND(SUM(J65:J66),2) -> 1067.96 | K63: =SUBSTITUTE(A63,4,1,1) -> 1.1.1
C64: Projeto: GEO_PLA_R_PARATI | I64: ÁREA | K64: =SUBSTITUTE(A64,4,1,1)
C65: ÁREA DE INTERTRAVADO NA COR NATURAL | I65: 743.45 | J65: =ROUND(PRODUCT(E65:I65),2) -> 743.45 | K65: =SUBSTITUTE(A65,4,1,1)
C66: ÁREA DE INTERTRAVADO NA COR VERMELHA | I66: 324.51 | J66: =ROUND(PRODUCT(E66:I66),2) -> 324.51 | K66: =SUBSTITUTE(A66,4,1,1)
K67: =SUBSTITUTE(A67,4,1,1)
A68: 1.4.2 | B68: =VLOOKUP(A68,'PLANILHA ORCAMENTARIA'!A:J,2,0) -> 105730 | C68: =VLOOKUP(A68,'PLANILHA ORCAMENTARIA'!A:J,4,0) -> CONSTRUÇÃO DE BASE E SUB-BASE PARA PAVIMENTAÇÃO DE BRITA GRADUADA SIMPLES, COM ESPESSURA DE 20 CM - EXCLUSIVE CARGA E TRANSPORTE. AF_09/2024 | D68: =VLOOKUP(A68,'PLANILHA ORCAMENTARIA'!A:J,5,0) -> M3 | J68: =ROUND(SUM(J70:J72),2) -> 213.59 | K68: =SUBSTITUTE(A68,4,1,1) -> 1.1.2
C69: Projeto: GEO_PLA_R_PARATI | K69: =SUBSTITUTE(A69,4,1,1)
C70: Base de brita | H70: ESPESSURA | I70: ÁREA | K70: =SUBSTITUTE(A70,4,1,1)
C71: ÁREA DE INTERTRAVADO NA COR NATURAL | H71: 0.2 | I71: =J65 -> 743.45 | J71: =ROUND(PRODUCT(E71:I71),2) -> 148.69 | K71: =SUBSTITUTE(A71,4,1,1)
C72: ÁREA DE INTERTRAVADO NA COR VERMELHA | H72: 0.2 | I72: =J66 -> 324.51 | J72: =ROUND(PRODUCT(E72:I72),2) -> 64.9 | K72: =SUBSTITUTE(A72,4,1,1)
K73: =SUBSTITUTE(A73,4,1,1)
A74: 1.4.3 | B74: =VLOOKUP(A74,'PLANILHA ORCAMENTARIA'!A:J,2,0) -> COMP-35145154 | C74: =VLOOKUP(A74,'PLANILHA ORCAMENTARIA'!A:J,4,0) -> CARGA E DESCARGA MECANICA DE SOLO UTILIZANDO CAMINHAO BASCULANTE 14,0M3/36T E PA CARREGADEIRA SOBRE PNEUS 128 HP, CAPACIDADE DA CAÇAMBA 1,7 A 2,8 M3, PESO OPERACIONAL 11632 KH | D74: =VLOOKUP(A74,'PLANILHA ORCAMENTARIA'!A:J,5,0) -> M³ | J74: =ROUND(SUM(J76:J76),2) -> 266.99 | K74: =SUBSTITUTE(A74,4,1,1) -> 1.1.3
E75: EMPOLAMENTO | I75: VOLUME DE BASE DE BRITA | K75: =SUBSTITUTE(A75,4,1,1)
C76: Base em Brita Graduada X Empolamento (1,25) | E76: 1.25 | I76: =J68 -> 213.59 | J76: =ROUND(PRODUCT(E76:I76),2) -> 266.99 | K76: =SUBSTITUTE(A76,4,1,1)
K77: =SUBSTITUTE(A77,4,1,1)
A78: 1.4.4 | B78: =VLOOKUP(A78,'PLANILHA ORCAMENTARIA'!A:J,2,0) -> COMP-83526730 | C78: =VLOOKUP(A78,'PLANILHA ORCAMENTARIA'!A:J,4,0) -> TRANSPORTE COMERCIAL DE BRITA | D78: =VLOOKUP(A78,'PLANILHA ORCAMENTARIA'!A:J,5,0) -> M³XKM | J78: =ROUND(SUM(J80:J80),2) -> 2589.8 | K78: =SUBSTITUTE(A78,4,1,1) -> 1.1.4
C79: Dmt - pedreira guarany - rua mangueira | E79: DMT | I79: VOLUME DE CARGA | K79: =SUBSTITUTE(A79,4,1,1)
C80: Volume de Carga X DMT (9,70Km) | E80: 9.7 | I80: =J74 -> 266.99 | J80: =ROUND(PRODUCT(E80:I80),2) -> 2589.8 | K80: =SUBSTITUTE(A80,4,1,1)
K81: =SUBSTITUTE(A81,4,1,1)
A82: 1.4.5 | B82: =VLOOKUP(A82,'PLANILHA ORCAMENTARIA'!A:J,2,0) -> CP-92399-27762594 | C82: =VLOOKUP(A82,'PLANILHA ORCAMENTARIA'!A:J,4,0) -> EXECUÇÃO DE VIA EM PISO INTERTRAVADO, COM BLOCO RETANGULAR COR NATURAL/COLORIDO DE 20 X 10 CM, ESPESSURA 8 CM - (SEM O MATERIAL BLOQUETE/PISO INTERTRAVADO) | D82: =VLOOKUP(A82,'PLANILHA ORCAMENTARIA'!A:J,5,0) -> M2 | J82: =ROUND(SUM(J84:J85),2) -> 1067.96 | K82: =SUBSTITUTE(A82,4,1,1) -> 1.1.5
C83: Projeto: GEO_PLA_R_PARATI | I83: ÁREA | K83: =SUBSTITUTE(A83,4,1,1)
C84: Área da Via em Bloco Intertravado na cor natural (De acordo com o quadro de especificações) | I84: =I71 -> 743.45 | J84: =ROUND(PRODUCT(E84:I84),2) -> 743.45 | K84: =SUBSTITUTE(A84,4,1,1)
C85: Área da Via em Bloco Intertravado na cor vermelha (De acordo com o quadro de especificações) | I85: =I72 -> 324.51 | J85: =ROUND(PRODUCT(E85:I85),2) -> 324.51 | K85: =SUBSTITUTE(A85,4,1,1)
K86: =SUBSTITUTE(A86,4,1,1)
A87: 1.4.6 | B87: =VLOOKUP(A87,'PLANILHA ORCAMENTARIA'!A:J,2,0) -> 00036170 | C87: =VLOOKUP(A87,'PLANILHA ORCAMENTARIA'!A:J,4,0) -> BLOQUETE/PISO INTERTRAVADO DE CONCRETO - MODELO ONDA/16 FACES/RETANGULAR/TIJOLINHO/PAVER/HOLANDES/PARALELEPIPEDO, *20 X 10* CM, E = 8 CM, RESISTENCIA DE 35 MPA, COR NATURAL - BDI = 10,07 | D87: =VLOOKUP(A87,'PLANILHA ORCAMENTARIA'!A:J,5,0) -> M2 | J87: =ROUND(SUM(J89:J89),2) -> 753.19 | K87: =SUBSTITUTE(A87,4,1,1) -> 1.1.6
E88: COEFICIENTE | I88: ÁREA | K88: =SUBSTITUTE(A88,4,1,1)
C89: coeficiente do item sinapi 92399 | E89: 1.0131 | I89: =J84 -> 743.45 | J89: =ROUND(PRODUCT(E89:I89),2) -> 753.19 | K89: =SUBSTITUTE(A89,4,1,1)
K90: =SUBSTITUTE(A90,4,1,1)
A91: 1.4.7 | B91: =VLOOKUP(A91,'PLANILHA ORCAMENTARIA'!A:J,2,0) -> 00036154 | C91: =VLOOKUP(A91,'PLANILHA ORCAMENTARIA'!A:J,4,0) -> BLOQUETE/PISO INTERTRAVADO DE CONCRETO - MODELO ONDA/16 FACES/RETANGULAR/TIJOLINHO/PAVER/HOLANDES/PARALELEPIPEDO, *20 X 10* CM, E = 8 CM, RESISTENCIA DE 35 MPA, COLORIDO - BDI = 10,07 | D91: =VLOOKUP(A91,'PLANILHA ORCAMENTARIA'!A:J,5,0) -> M2 | J91: =ROUND(SUM(J93:J93),2) -> 328.76 | K91: =SUBSTITUTE(A91,4,1,1) -> 1.1.7
E92: COEFICIENTE | I92: ÁREA | K92: =SUBSTITUTE(A92,4,1,1)
C93: coeficiente do item sinapi 92399 | E93: 1.0131 | I93: =J85 -> 324.51 | J93: =ROUND(PRODUCT(E93:I93),2) -> 328.76 | K93: =SUBSTITUTE(A93,4,1,1)
K94: =SUBSTITUTE(A94,4,1,1)
A95: 1.4.8 | B95: =VLOOKUP(A95,'PLANILHA ORCAMENTARIA'!A:J,2,0) -> 94273 | C95: =VLOOKUP(A95,'PLANILHA ORCAMENTARIA'!A:J,4,0) -> ASSENTAMENTO DE GUIA (MEIO-FIO) EM TRECHO RETO, CONFECCIONADA EM CONCRETO PRÉ-FABRICADO, DIMENSÕES 100X15X13X30 CM (COMPRIMENTO X BASE INFERIOR X BASE SUPERIOR X ALTURA). AF_01/2024 | D95: =VLOOKUP(A95,'PLANILHA ORCAMENTARIA'!A:J,5,0) -> M | J95: =ROUND(SUM(J97:J98),2) -> 516.49 | K95: =SUBSTITUTE(A95,4,1,1) -> 1.1.8
C96: Projeto: GEO_PLA_R_PARATI | F96: COMPRIMENTO | K96: =SUBSTITUTE(A96,4,1,1)
C97: Meio-Fio (Comprimento retirado do quadro de especificações) - trecho curvo | F97: 506.13 | J97: =ROUND(PRODUCT(E97:I97),2) -> 506.13 | K97: =SUBSTITUTE(A97,4,1,1)
C98: Recrava (Comprimento retirado do quadro de especificações) - trecho curvo | F98: 10.36 | J98: =ROUND(PRODUCT(E98:I98),2) -> 10.36 | K98: =SUBSTITUTE(A98,4,1,1)
K99: =SUBSTITUTE(A99,4,1,1)
A100: 1.5 | C100: DRENAGEM | K100: =SUBSTITUTE(A100,4,1,1) -> 1.5
...

Sheet GUANAMBI
C1: PREFEITURA MUNICIPAL DO JABOATÃO DOS GUARARAPES
C2: SECRETARIA MUNICIPAL DE PLANEJAMENTO E GESTÃO
C3: SECRETARIA EXECUTIVA DE PROJETOS DE ARQUITETURA E URBANISMO
A4: MEMÓRIA DE CÁLCULO
A5: Objeto: ORÇAMENTO PARA PAVIMENTAÇÃO E DRENAGEM DAS RUAS JARANGUARI, GUANANBI E JOSÉ PAULINO
A6: Local: Jaboatão dos Guararapes
A7: Município: Jaboatão dos Guararapes/PE | J7: {='[9]Planilha Orçamentária'!A8:F8} -> Data: AGOSTO/2022 | K7: #REF! | L7: #REF! | M7: #REF! | N7: #REF! | O7: #REF!
A8: Item | B8: Código | C8: Descrição | D8: Und | E8: Taxa | F8: Comp. | G8: Larg. | H8: Alt. | I8: QTDE | J8: Total
A9: 2.0 | B9: RUA JARANGUARI
A10: 2.1 | C10: INSTALAÇÕES PROVISÓRIAS
A11: 2.1.1 | B11: =VLOOKUP(A11,'PLANILHA ORCAMENTARIA'!A:J,2,0) -> 103689 | C11: =VLOOKUP(A11,'PLANILHA ORCAMENTARIA'!A:J,4,0) -> FORNECIMENTO E INSTALAÇÃO DE PLACA DE OBRA COM CHAPA GALVANIZADA E ESTRUTURA DE MADEIRA. AF_03/2022_PS | D11: =VLOOKUP(A11,'PLANILHA ORCAMENTARIA'!A:J,5,0) -> M2 | F11: COMPRIMENTO | G11: LARGURA | I11: QUANTIDADE DE PLACAS | J11: =ROUND(SUM(J13:J13),2) -> 4.32 | K11: =SUBSTITUTE(A11,1,2,1) -> 2.2.1
K12: =SUBSTITUTE(A12,1,2,1)
F13: 3.6 | G13: 1.2 | I13: 1 | J13: =ROUND(PRODUCT(E13:I13),2) -> 4.32 | K13: =SUBSTITUTE(A13,1,2,1)
K14: =SUBSTITUTE(A14,1,2,1)
A15: 2.1.2 | B15: =VLOOKUP(A15,'PLANILHA ORCAMENTARIA'!A:J,2,0) -> INS-13695818 | C15: =VLOOKUP(A15,'PLANILHA ORCAMENTARIA'!A:J,4,0) -> ALUGUEL DE BANHEIRO QUÍMICO INCLUSIVE LOCAÇÃO, TRANSPORTE E LIMPEZA | D15: =VLOOKUP(A15,'PLANILHA ORCAMENTARIA'!A:J,5,0) -> MÊS | J15: =ROUND(SUM(J18:J18),2) -> 2 | K15: =SUBSTITUTE(A15,1,2,1) -> 2.2.2
I16: QUANTIDADE DE MESES | K16: =SUBSTITUTE(A16,1,2,1)
K17: =SUBSTITUTE(A17,1,2,1)
I18: 2 | J18: =ROUND(PRODUCT(E18:I18),2) -> 2 | K18: =SUBSTITUTE(A18,1,2,1)
K19: =SUBSTITUTE(A19,1,2,1)
A20: 2.1.3 | B20: =VLOOKUP(A20,'PLANILHA ORCAMENTARIA'!A:J,2,0) -> 00010775 | C20: =VLOOKUP(A20,'PLANILHA ORCAMENTARIA'!A:J,4,0) -> LOCACAO DE CONTAINER 2,30 X 6,00 M, ALT. 2,50 M, COM 1 SANITARIO, PARA ESCRITORIO, COMPLETO, SEM DIVISORIAS INTERNAS (NAO INCLUI MOBILIZACAO/DESMOBILIZACAO) | D20: =VLOOKUP(A20,'PLANILHA ORCAMENTARIA'!A:J,5,0) -> MES | J20: =ROUND(SUM(J22:J22),2) -> 2 | K20: =SUBSTITUTE(A20,1,2,1) -> 2.2.3
I21: QUANTIDADE DE MESES | K21: =SUBSTITUTE(A21,1,2,1)
I22: =I18 -> 2 | J22: =ROUND(PRODUCT(E22:I22),2) -> 2 | K22: =SUBSTITUTE(A22,1,2,1)
K23: =SUBSTITUTE(A23,1,2,1)
A24: 2.1.4 | B24: =VLOOKUP(A24,'PLANILHA ORCAMENTARIA'!A:J,2,0) -> COMP-20511029 | C24: =VLOOKUP(A24,'PLANILHA ORCAMENTARIA'!A:J,4,0) -> MOBILIZAÇÃO DE CONTAINER_JANEIRO/2026 | D24: =VLOOKUP(A24,'PLANILHA ORCAMENTARIA'!A:J,5,0) -> UND | J24: =ROUND(SUM(J26:J26),2) -> 1 | K24: =SUBSTITUTE(A24,4,1,1) -> 2.1.1
I25: QUANTIDADE | K25: =SUBSTITUTE(A25,4,1,1)
I26: 1 | J26: =ROUND(PRODUCT(E26:I26),2) -> 1 | K26: =SUBSTITUTE(A26,4,1,1)
K27: =SUBSTITUTE(A27,4,1,1)
A28: 2.1.5 | B28: =VLOOKUP(A28,'PLANILHA ORCAMENTARIA'!A:J,2,0) -> COMP-38919866 | C28: =VLOOKUP(A28,'PLANILHA ORCAMENTARIA'!A:J,4,0) -> DESMOBILIZAÇÃO DE CONTAINER_JANEIRO/2026 | D28: =VLOOKUP(A28,'PLANILHA ORCAMENTARIA'!A:J,5,0) -> UND | J28: =ROUND(SUM(J30:J30),2) -> 1 | K28: =SUBSTITUTE(A28,4,1,1) -> 2.1.5
I29: QUANTIDADE | K29: =SUBSTITUTE(A29,4,1,1)
I30: 1 | J30: =ROUND(PRODUCT(E30:I30),2) -> 1 | K30: =SUBSTITUTE(A30,4,1,1)
K31: =SUBSTITUTE(A31,4,1,1)
A32: 2.2 | C32: ADMINISTRAÇÃO LOCAL | K32: =SUBSTITUTE(A32,1,2,1) -> 2.2
A33: 2.2.1 | B33: =VLOOKUP(A33,'PLANILHA ORCAMENTARIA'!A:J,2,0) -> 93565 | C33: =VLOOKUP(A33,'PLANILHA ORCAMENTARIA'!A:J,4,0) -> ENGENHEIRO CIVIL DE OBRA JUNIOR COM ENCARGOS COMPLEMENTARES | D33: =VLOOKUP(A33,'PLANILHA ORCAMENTARIA'!A:J,5,0) -> MES | J33: =ROUND(SUM(J35),2) -> 0.25 | K33: =SUBSTITUTE(A33,1,2,1) -> 2.2.2
C34: 2 meses de obra | K34: =SUBSTITUTE(A34,1,2,1)
C35: 2 meses de obra com 22 dias trabalhados e 1h por dia | E35: =22/176 -> 0.125 | I35: =I18 -> 2 | J35: =ROUND(PRODUCT(E35:I35),2) -> 0.25 | K35: =SUBSTITUTE(A35,1,2,1)
C36: 1 horas x 22 dias = 22 horas no mês | K36: =SUBSTITUTE(A36,1,2,1)
C37: 1 mês tem 22 dias x 8 horas = 176 horas | K37: =SUBSTITUTE(A37,1,2,1)
K38: =SUBSTITUTE(A38,1,2,1)
A39: 2.2.2 | B39: =VLOOKUP(A39,'PLANILHA ORCAMENTARIA'!A:J,2,0) -> 93572 | C39: =VLOOKUP(A39,'PLANILHA ORCAMENTARIA'!A:J,4,0) -> ENCARREGADO GERAL DE OBRAS COM ENCARGOS COMPLEMENTARES | D39: =VLOOKUP(A39,'PLANILHA ORCAMENTARIA'!A:J,5,0) -> MES | J39: =ROUND(SUM(J41),2) -> 1 | K39: =SUBSTITUTE(A39,1,2,1) -> 2.2.2
C40: 2 meses de obra | K40: =SUBSTITUTE(A40,1,2,1)
C41: 2 meses de obra com 22 dias trabalhados e 1h por dia | E41: =88/176 -> 0.5 | I41: =I18 -> 2 | J41: =ROUND(PRODUCT(E41:I41),2) -> 1 | K41: =SUBSTITUTE(A41,1,2,1)
C42: 1 horas x 22 dias = 22 horas no mês | K42: =SUBSTITUTE(A42,1,2,1)
C43: 1 mês tem 22 dias x 8 horas = 176 horas | K43: =SUBSTITUTE(A43,1,2,1)
K44: =SUBSTITUTE(A44,1,2,1)
A45: 2.2.3 | B45: =VLOOKUP(A45,'PLANILHA ORCAMENTARIA'!A:J,2,0) -> CP-94296-25656932 | C45: =VLOOKUP(A45,'PLANILHA ORCAMENTARIA'!A:J,4,0) -> TOPOGRAFO COM ENCARGOS COMPLEMENTARES | D45: =VLOOKUP(A45,'PLANILHA ORCAMENTARIA'!A:J,5,0) -> MES | J45: =ROUND(SUM(J47),2) -> 0.5 | K45: =SUBSTITUTE(A45,1,2,1) -> 2.2.3
C46: 0,5 mes de obra | K46: =SUBSTITUTE(A46,1,2,1)
I47: 0.5 | J47: =ROUND(PRODUCT(E47:I47),2) -> 0.5 | K47: =SUBSTITUTE(A47,1,2,1)
K48: =SUBSTITUTE(A48,1,2,1)
A49: 2.3 | C49: TERRAPLANAGEM | K49: =SUBSTITUTE(A49,1,2,1) -> 2.3
A50: 2.3.1 | B50: =VLOOKUP(A50,'PLANILHA ORCAMENTARIA'!A:J,2,0) -> CP-74205/001-17324935 | C50: =VLOOKUP(A50,'PLANILHA ORCAMENTARIA'!A:J,4,0) -> ESCAVAÇÃO MECÂNICA DE MATERIAL 1A. CATEGORIA, PROVENIENTE DE CORTE DE SUBLEITO (C/TRATOR ESTEIRAS 160HP) | D50: =VLOOKUP(A50,'PLANILHA ORCAMENTARIA'!A:J,5,0) -> M3 | J50: =ROUND(SUM(J52:J52),2) -> 901.18 | K50: =SUBSTITUTE(A50,1,2,1) -> 2.3.2
C51: Projeto: TER_ST_MC_NS_R_PARATI | I51: VOLUME | K51: =SUBSTITUTE(A51,1,2,1)
C52: Mapa de Cubação | I52: 901.18 | J52: =ROUND(PRODUCT(E52:I52),2) -> 901.18 | K52: =SUBSTITUTE(A52,1,2,1)
K53: =SUBSTITUTE(A53,1,2,1)
A54: 2.3.2 | B54: =VLOOKUP(A54,'PLANILHA ORCAMENTARIA'!A:J,2,0) -> COMP-35145154 | C54: =VLOOKUP(A54,'PLANILHA ORCAMENTARIA'!A:J,4,0) -> CARGA E DESCARGA MECANICA DE SOLO UTILIZANDO CAMINHAO BASCULANTE 14,0M3/36T E PA CARREGADEIRA SOBRE PNEUS 128 HP, CAPACIDADE DA CAÇAMBA 1,7 A 2,8 M3, PESO OPERACIONAL 11632 KH | D54: =VLOOKUP(A54,'PLANILHA ORCAMENTARIA'!A:J,5,0) -> M³ | J54: =ROUND(SUM(J56:J56),2) -> 1126.48 | K54: =SUBSTITUTE(A54,1,2,1) -> 2.3.2
C55: Volume de carga e descarga = Volume escavado | E55: EMPOLAMENTO | I55: VOLUME | K55: =SUBSTITUTE(A55,1,2,1)
C56: V = Volume de carga e descarga x 1,25 (empolamento) | E56: 1.25 | I56: =J50 -> 901.18 | J56: =ROUND(PRODUCT(E56:I56),2) -> 1126.48 | K56: =SUBSTITUTE(A56,1,2,1)
K57: =SUBSTITUTE(A57,1,2,1)
A58: 2.3.3 | B58: =VLOOKUP(A58,'PLANILHA ORCAMENTARIA'!A:J,2,0) -> 95876 | C58: =VLOOKUP(A58,'PLANILHA ORCAMENTARIA'!A:J,4,0) -> TRANSPORTE COM CAMINHÃO BASCULANTE DE 14 M³, EM VIA URBANA PAVIMENTADA, DMT ATÉ 30 KM (UNIDADE: M3XKM). AF_07/2020 | D58: =VLOOKUP(A58,'PLANILHA ORCAMENTARIA'!A:J,5,0) -> M3XKM | J58: =ROUND(SUM(J60:J60),2) -> 3266.79 | K58: =SUBSTITUTE(A58,1,2,1) -> 2.3.3
C59: Projeto: TER_ST_MC_NS_R_PARATI | E59: DMT | I59: VOLUME | K59: =SUBSTITUTE(A59,1,2,1)
C60: V = Volume de carga x DMT (9,50Km) | E60: 2.9 | I60: =J54 -> 1126.48 | J60: =ROUND(PRODUCT(E60:I60),2) -> 3266.79 | K60: =SUBSTITUTE(A60,1,2,1)
K61: =SUBSTITUTE(A61,1,2,1)
A62: 2.4 | C62: PAVIMENTAÇÃO | K62: =SUBSTITUTE(A62,1,2,1) -> 2.4
A63: 2.4.1 | B63: =VLOOKUP(A63,'PLANILHA ORCAMENTARIA'!A:J,2,0) -> 100576 | C63: =VLOOKUP(A63,'PLANILHA ORCAMENTARIA'!A:J,4,0) -> REGULARIZAÇÃO E COMPACTAÇÃO DE SUBLEITO DE SOLO PREDOMINANTEMENTE ARGILOSO, PARA OBRAS DE CONSTRUÇÃO DE PAVIMENTOS. AF_09/2024 | D63: =VLOOKUP(A63,'PLANILHA ORCAMENTARIA'!A:J,5,0) -> M2 | J63: =ROUND(SUM(J65:J66),2) -> 1015.58 | K63: =SUBSTITUTE(A63,1,2,1) -> 2.4.2
C64: Projeto: GEO_PLA_R_PARATI | I64: ÁREA | K64: =SUBSTITUTE(A64,1,2,1)
C65: ÁREA DE INTERTRAVADO NA COR NATURAL | I65: 703.5 | J65: =ROUND(PRODUCT(E65:I65),2) -> 703.5 | K65: =SUBSTITUTE(A65,1,2,1)
C66: ÁREA DE INTERTRAVADO NA COR VERMELHA | I66: 312.08 | J66: =ROUND(PRODUCT(E66:I66),2) -> 312.08 | K66: =SUBSTITUTE(A66,1,2,1)
K67: =SUBSTITUTE(A67,1,2,1)
A68: 2.4.2 | B68: =VLOOKUP(A68,'PLANILHA ORCAMENTARIA'!A:J,2,0) -> 105730 | C68: =VLOOKUP(A68,'PLANILHA ORCAMENTARIA'!A:J,4,0) -> CONSTRUÇÃO DE BASE E SUB-BASE PARA PAVIMENTAÇÃO DE BRITA GRADUADA SIMPLES, COM ESPESSURA DE 20 CM - EXCLUSIVE CARGA E TRANSPORTE. AF_09/2024 | D68: =VLOOKUP(A68,'PLANILHA ORCAMENTARIA'!A:J,5,0) -> M3 | J68: =ROUND(SUM(J70:J72),2) -> 203.12 | K68: =SUBSTITUTE(A68,1,2,1) -> 2.4.2
C69: Projeto: GEO_PLA_R_PARATI | K69: =SUBSTITUTE(A69,1,2,1)
C70: Base de brita | H70: ESPESSURA | I70: ÁREA | K70: =SUBSTITUTE(A70,1,2,1)
C71: ÁREA DE INTERTRAVADO NA COR NATURAL | H71: 0.2 | I71: =J65 -> 703.5 | J71: =ROUND(PRODUCT(E71:I71),2) -> 140.7 | K71: =SUBSTITUTE(A71,1,2,1)
C72: ÁREA DE INTERTRAVADO NA COR VERMELHA | H72: 0.2 | I72: =J66 -> 312.08 | J72: =ROUND(PRODUCT(E72:I72),2) -> 62.42 | K72: =SUBSTITUTE(A72,1,2,1)
K73: =SUBSTITUTE(A73,1,2,1)
A74: 2.4.3 | B74: =VLOOKUP(A74,'PLANILHA ORCAMENTARIA'!A:J,2,0) -> COMP-35145154 | C74: =VLOOKUP(A74,'PLANILHA ORCAMENTARIA'!A:J,4,0) -> CARGA E DESCARGA MECANICA DE SOLO UTILIZANDO CAMINHAO BASCULANTE 14,0M3/36T E PA CARREGADEIRA SOBRE PNEUS 128 HP, CAPACIDADE DA CAÇAMBA 1,7 A 2,8 M3, PESO OPERACIONAL 11632 KH | D74: =VLOOKUP(A74,'PLANILHA ORCAMENTARIA'!A:J,5,0) -> M³ | J74: =ROUND(SUM(J76:J76),2) -> 253.9 | K74: =SUBSTITUTE(A74,1,2,1) -> 2.4.3
E75: EMPOLAMENTO | I75: VOLUME DE BASE DE BRITA | K75: =SUBSTITUTE(A75,1,2,1)
C76: Base em Brita Graduada X Empolamento (1,25) | E76: 1.25 | I76: =J68 -> 203.12 | J76: =ROUND(PRODUCT(E76:I76),2) -> 253.9 | K76: =SUBSTITUTE(A76,1,2,1)
K77: =SUBSTITUTE(A77,1,2,1)
A78: 2.4.4 | B78: =VLOOKUP(A78,'PLANILHA ORCAMENTARIA'!A:J,2,0) -> COMP-83526730 | C78: =VLOOKUP(A78,'PLANILHA ORCAMENTARIA'!A:J,4,0) -> TRANSPORTE COMERCIAL DE BRITA | D78: =VLOOKUP(A78,'PLANILHA ORCAMENTARIA'!A:J,5,0) -> M³XKM | J78: =ROUND(SUM(J80:J80),2) -> 2234.32 | K78: =SUBSTITUTE(A78,1,2,1) -> 2.4.4
C79: Dmt - pedreira guarany - rua mangueira | E79: DMT | I79: VOLUME DE CARGA | K79: =SUBSTITUTE(A79,1,2,1)
C80: Volume de Carga X DMT (9,70Km) | E80: 8.8 | I80: =J74 -> 253.9 | J80: =ROUND(PRODUCT(E80:I80),2) -> 2234.32 | K80: =SUBSTITUTE(A80,1,2,1)
K81: =SUBSTITUTE(A81,1,2,1)
A82: 2.4.5 | B82: =VLOOKUP(A82,'PLANILHA ORCAMENTARIA'!A:J,2,0) -> CP-92399-27762594 | C82: =VLOOKUP(A82,'PLANILHA ORCAMENTARIA'!A:J,4,0) -> EXECUÇÃO DE VIA EM PISO INTERTRAVADO, COM BLOCO RETANGULAR COR NATURAL/COLORIDO DE 20 X 10 CM, ESPESSURA 8 CM - (SEM O MATERIAL BLOQUETE/PISO INTERTRAVADO) | D82: =VLOOKUP(A82,'PLANILHA ORCAMENTARIA'!A:J,5,0) -> M2 | J82: =ROUND(SUM(J84:J85),2) -> 1015.58 | K82: =SUBSTITUTE(A82,1,2,1) -> 2.4.5
C83: Projeto: GEO_PLA_R_PARATI | I83: ÁREA | K83: =SUBSTITUTE(A83,1,2,1)
C84: Área da Via em Bloco Intertravado na cor natural (De acordo com o quadro de especificações) | I84: =I71 -> 703.5 | J84: =ROUND(PRODUCT(E84:I84),2) -> 703.5 | K84: =SUBSTITUTE(A84,1,2,1)
C85: Área da Via em Bloco Intertravado na cor vermelha (De acordo com o quadro de especificações) | I85: =I72 -> 312.08 | J85: =ROUND(PRODUCT(E85:I85),2) -> 312.08 | K85: =SUBSTITUTE(A85,1,2,1)
K86: =SUBSTITUTE(A86,1,2,1)
A87: 2.4.6 | B87: =VLOOKUP(A87,'PLANILHA ORCAMENTARIA'!A:J,2,0) -> 00036170 | C87: =VLOOKUP(A87,'PLANILHA ORCAMENTARIA'!A:J,4,0) -> BLOQUETE/PISO INTERTRAVADO DE CONCRETO - MODELO ONDA/16 FACES/RETANGULAR/TIJOLINHO/PAVER/HOLANDES/PARALELEPIPEDO, *20 X 10* CM, E = 8 CM, RESISTENCIA DE 35 MPA, COR NATURAL - BDI = 10,07 | D87: =VLOOKUP(A87,'PLANILHA ORCAMENTARIA'!A:J,5,0) -> M2 | J87: =ROUND(SUM(J89:J89),2) -> 712.72 | K87: =SUBSTITUTE(A87,1,2,1) -> 2.4.6
E88: COEFICIENTE | I88: ÁREA | K88: =SUBSTITUTE(A88,1,2,1)
C89: coeficiente do item sinapi 92399 | E89: 1.0131 | I89: =J84 -> 703.5 | J89: =ROUND(PRODUCT(E89:I89),2) -> 712.72 | K89: =SUBSTITUTE(A89,1,2,1)
K90: =SUBSTITUTE(A90,1,2,1)
A91: 2.4.7 | B91: =VLOOKUP(A91,'PLANILHA ORCAMENTARIA'!A:J,2,0) -> 00036154 | C91: =VLOOKUP(A91,'PLANILHA ORCAMENTARIA'!A:J,4,0) -> BLOQUETE/PISO INTERTRAVADO DE CONCRETO - MODELO ONDA/16 FACES/RETANGULAR/TIJOLINHO/PAVER/HOLANDES/PARALELEPIPEDO, *20 X 10* CM, E = 8 CM, RESISTENCIA DE 35 MPA, COLORIDO - BDI = 10,07 | D91: =VLOOKUP(A91,'PLANILHA ORCAMENTARIA'!A:J,5,0) -> M2 | J91: =ROUND(SUM(J93:J93),2) -> 316.17 | K91: =SUBSTITUTE(A91,1,2,1) -> 2.4.7
E92: COEFICIENTE | I92: ÁREA | K92: =SUBSTITUTE(A92,1,2,1)
C93: coeficiente do item sinapi 92399 | E93: 1.0131 | I93: =J85 -> 312.08 | J93: =ROUND(PRODUCT(E93:I93),2) -> 316.17 | K93: =SUBSTITUTE(A93,1,2,1)
K94: =SUBSTITUTE(A94,1,2,1)
A95: 2.4.8 | B95: =VLOOKUP(A95,'PLANILHA ORCAMENTARIA'!A:J,2,0) -> 94273 | C95: =VLOOKUP(A95,'PLANILHA ORCAMENTARIA'!A:J,4,0) -> ASSENTAMENTO DE GUIA (MEIO-FIO) EM TRECHO RETO, CONFECCIONADA EM CONCRETO PRÉ-FABRICADO, DIMENSÕES 100X15X13X30 CM (COMPRIMENTO X BASE INFERIOR X BASE SUPERIOR X ALTURA). AF_01/2024 | D95: =VLOOKUP(A95,'PLANILHA ORCAMENTARIA'!A:J,5,0) -> M | J95: =ROUND(SUM(J97:J98),2) -> 516.49 | K95: =SUBSTITUTE(A95,1,2,1) -> 2.4.8
C96: Projeto: GEO_PLA_R_PARATI | F96: COMPRIMENTO | K96: =SUBSTITUTE(A96,1,2,1)
C97: Meio-Fio (Comprimento retirado do quadro de especificações) - trecho curvo | F97: 506.13 | J97: =ROUND(PRODUCT(E97:I97),2) -> 506.13 | K97: =SUBSTITUTE(A97,1,2,1)
C98: Recrava (Comprimento retirado do quadro de especificações) - trecho curvo | F98: 10.36 | J98: =ROUND(PRODUCT(E98:I98),2) -> 10.36 | K98: =SUBSTITUTE(A98,1,2,1)
K99: =SUBSTITUTE(A99,1,2,1)
A100: 2.5 | C100: DRENAGEM | K100: =SUBSTITUTE(A100,1,2,1) -> 2.5
...

Sheet JOSÉ PAULINO
C1: PREFEITURA MUNICIPAL DO JABOATÃO DOS GUARARAPES
C2: SECRETARIA MUNICIPAL DE PLANEJAMENTO E GESTÃO
C3: SECRETARIA EXECUTIVA DE PROJETOS DE ARQUITETURA E URBANISMO
A4: MEMÓRIA DE CÁLCULO
A5: Objeto: ORÇAMENTO PARA PAVIMENTAÇÃO E DRENAGEM DAS RUAS JARANGUARI, GUANANBI E JOSÉ PAULINO
A6: Local: Jaboatão dos Guararapes
A7: Município: Jaboatão dos Guararapes/PE | J7: {='[9]Planilha Orçamentária'!A8:F8} -> Data: AGOSTO/2022 | K7: #REF! | L7: #REF! | M7: #REF! | N7: #REF! | O7: #REF!
A8: Item | B8: Código | C8: Descrição | D8: Und | E8: Taxa | F8: Comp. | G8: Larg. | H8: Alt. | I8: QTDE | J8: Total
A9: 1.0 | B9: RUA JARANGUARI
A10: 1.1 | C10: INSTALAÇÕES PROVISÓRIAS
A11: 3.1.1 | B11: =VLOOKUP(A11,'PLANILHA ORCAMENTARIA'!A:J,2,0) -> 103689 | C11: =VLOOKUP(A11,'PLANILHA ORCAMENTARIA'!A:J,4,0) -> FORNECIMENTO E INSTALAÇÃO DE PLACA DE OBRA COM CHAPA GALVANIZADA E ESTRUTURA DE MADEIRA. AF_03/2022_PS | D11: =VLOOKUP(A11,'PLANILHA ORCAMENTARIA'!A:J,5,0) -> M2 | F11: COMPRIMENTO | G11: LARGURA | I11: QUANTIDADE DE PLACAS | J11: =ROUND(SUM(J13:J13),2) -> 4.32 | K11: =SUBSTITUTE(A11,1,3,1) -> 3.3.1
K12: =SUBSTITUTE(A12,1,3,1)
F13: 3.6 | G13: 1.2 | I13: 1 | J13: =ROUND(PRODUCT(E13:I13),2) -> 4.32 | K13: =SUBSTITUTE(A13,1,3,1)
K14: =SUBSTITUTE(A14,1,3,1)
A15: 3.1.2 | B15: =VLOOKUP(A15,'PLANILHA ORCAMENTARIA'!A:J,2,0) -> INS-13695818 | C15: =VLOOKUP(A15,'PLANILHA ORCAMENTARIA'!A:J,4,0) -> ALUGUEL DE BANHEIRO QUÍMICO INCLUSIVE LOCAÇÃO, TRANSPORTE E LIMPEZA | D15: =VLOOKUP(A15,'PLANILHA ORCAMENTARIA'!A:J,5,0) -> MÊS | J15: =ROUND(SUM(J18:J18),2) -> 2 | K15: =SUBSTITUTE(A15,1,3,1) -> 3.3.2
I16: QUANTIDADE DE MESES | K16: =SUBSTITUTE(A16,1,3,1)
K17: =SUBSTITUTE(A17,1,3,1)
I18: 2 | J18: =ROUND(PRODUCT(E18:I18),2) -> 2 | K18: =SUBSTITUTE(A18,1,3,1)
K19: =SUBSTITUTE(A19,1,3,1)
A20: 3.1.3 | B20: =VLOOKUP(A20,'PLANILHA ORCAMENTARIA'!A:J,2,0) -> 00010775 | C20: =VLOOKUP(A20,'PLANILHA ORCAMENTARIA'!A:J,4,0) -> LOCACAO DE CONTAINER 2,30 X 6,00 M, ALT. 2,50 M, COM 1 SANITARIO, PARA ESCRITORIO, COMPLETO, SEM DIVISORIAS INTERNAS (NAO INCLUI MOBILIZACAO/DESMOBILIZACAO) | D20: =VLOOKUP(A20,'PLANILHA ORCAMENTARIA'!A:J,5,0) -> MES | J20: =ROUND(SUM(J22:J22),2) -> 2 | K20: =SUBSTITUTE(A20,1,3,1) -> 3.3.3
I21: QUANTIDADE DE MESES | K21: =SUBSTITUTE(A21,1,3,1)
I22: =I18 -> 2 | J22: =ROUND(PRODUCT(E22:I22),2) -> 2 | K22: =SUBSTITUTE(A22,1,3,1)
K23: =SUBSTITUTE(A23,1,3,1)
A24: 3.1.4 | B24: =VLOOKUP(A24,'PLANILHA ORCAMENTARIA'!A:J,2,0) -> COMP-20511029 | C24: =VLOOKUP(A24,'PLANILHA ORCAMENTARIA'!A:J,4,0) -> MOBILIZAÇÃO DE CONTAINER_JANEIRO/2026 | D24: =VLOOKUP(A24,'PLANILHA ORCAMENTARIA'!A:J,5,0) -> UND | J24: =ROUND(SUM(J26:J26),2) -> 1 | K24: =SUBSTITUTE(A24,4,1,1) -> 3.1.1
I25: QUANTIDADE | K25: =SUBSTITUTE(A25,4,1,1)
I26: 1 | J26: =ROUND(PRODUCT(E26:I26),2) -> 1 | K26: =SUBSTITUTE(A26,4,1,1)
K27: =SUBSTITUTE(A27,4,1,1)
A28: 3.1.5 | B28: =VLOOKUP(A28,'PLANILHA ORCAMENTARIA'!A:J,2,0) -> COMP-38919866 | C28: =VLOOKUP(A28,'PLANILHA ORCAMENTARIA'!A:J,4,0) -> DESMOBILIZAÇÃO DE CONTAINER_JANEIRO/2026 | D28: =VLOOKUP(A28,'PLANILHA ORCAMENTARIA'!A:J,5,0) -> UND | J28: =ROUND(SUM(J30:J30),2) -> 1 | K28: =SUBSTITUTE(A28,4,1,1) -> 3.1.5
I29: QUANTIDADE | K29: =SUBSTITUTE(A29,4,1,1)
I30: 1 | J30: =ROUND(PRODUCT(E30:I30),2) -> 1 | K30: =SUBSTITUTE(A30,4,1,1)
K31: =SUBSTITUTE(A31,4,1,1)
A32: 3.2 | C32: ADMINISTRAÇÃO LOCAL | K32: =SUBSTITUTE(A32,1,3,1) -> 3.2
A33: 3.2.1 | B33: =VLOOKUP(A33,'PLANILHA ORCAMENTARIA'!A:J,2,0) -> 93565 | C33: =VLOOKUP(A33,'PLANILHA ORCAMENTARIA'!A:J,4,0) -> ENGENHEIRO CIVIL DE OBRA JUNIOR COM ENCARGOS COMPLEMENTARES | D33: =VLOOKUP(A33,'PLANILHA ORCAMENTARIA'!A:J,5,0) -> MES | J33: =ROUND(SUM(J35),2) -> 0.25 | K33: =SUBSTITUTE(A33,1,3,1) -> 3.2.3
C34: 2 meses de obra | K34: =SUBSTITUTE(A34,1,3,1)
C35: 2 meses de obra com 22 dias trabalhados e 1h por dia | E35: =22/176 -> 0.125 | I35: =I18 -> 2 | J35: =ROUND(PRODUCT(E35:I35),2) -> 0.25 | K35: =SUBSTITUTE(A35,1,3,1)
C36: 1 horas x 22 dias = 22 horas no mês | K36: =SUBSTITUTE(A36,1,3,1)
C37: 1 mês tem 22 dias x 8 horas = 176 horas | K37: =SUBSTITUTE(A37,1,3,1)
K38: =SUBSTITUTE(A38,1,3,1)
A39: 3.2.2 | B39: =VLOOKUP(A39,'PLANILHA ORCAMENTARIA'!A:J,2,0) -> 93572 | C39: =VLOOKUP(A39,'PLANILHA ORCAMENTARIA'!A:J,4,0) -> ENCARREGADO GERAL DE OBRAS COM ENCARGOS COMPLEMENTARES | D39: =VLOOKUP(A39,'PLANILHA ORCAMENTARIA'!A:J,5,0) -> MES | J39: =ROUND(SUM(J41),2) -> 1 | K39: =SUBSTITUTE(A39,1,3,1) -> 3.2.2
C40: 2 meses de obra | K40: =SUBSTITUTE(A40,1,3,1)
C41: 2 meses de obra com 22 dias trabalhados e 1h por dia | E41: =88/176 -> 0.5 | I41: =I18 -> 2 | J41: =ROUND(PRODUCT(E41:I41),2) -> 1 | K41: =SUBSTITUTE(A41,1,3,1)
C42: 1 horas x 22 dias = 22 horas no mês | K42: =SUBSTITUTE(A42,1,3,1)
C43: 1 mês tem 22 dias x 8 horas = 176 horas | K43: =SUBSTITUTE(A43,1,3,1)
K44: =SUBSTITUTE(A44,1,3,1)
A45: 3.2.3 | B45: =VLOOKUP(A45,'PLANILHA ORCAMENTARIA'!A:J,2,0) -> CP-94296-25656932 | C45: =VLOOKUP(A45,'PLANILHA ORCAMENTARIA'!A:J,4,0) -> TOPOGRAFO COM ENCARGOS COMPLEMENTARES | D45: =VLOOKUP(A45,'PLANILHA ORCAMENTARIA'!A:J,5,0) -> MES | J45: =ROUND(SUM(J47),2) -> 0.5 | K45: =SUBSTITUTE(A45,1,3,1) -> 3.2.3
C46: 0,5 mes de obra | K46: =SUBSTITUTE(A46,1,3,1)
I47: 0.5 | J47: =ROUND(PRODUCT(E47:I47),2) -> 0.5 | K47: =SUBSTITUTE(A47,1,3,1)
K48: =SUBSTITUTE(A48,1,3,1)
A49: 3.3 | C49: TERRAPLANAGEM | K49: =SUBSTITUTE(A49,1,3,1) -> 3.3
A50: 3.3.1 | B50: =VLOOKUP(A50,'PLANILHA ORCAMENTARIA'!A:J,2,0) -> CP-74205/001-17324935 | C50: =VLOOKUP(A50,'PLANILHA ORCAMENTARIA'!A:J,4,0) -> ESCAVAÇÃO MECÂNICA DE MATERIAL 1A. CATEGORIA, PROVENIENTE DE CORTE DE SUBLEITO (C/TRATOR ESTEIRAS 160HP) | D50: =VLOOKUP(A50,'PLANILHA ORCAMENTARIA'!A:J,5,0) -> M3 | J50: =ROUND(SUM(J52:J52),2) -> 901.18 | K50: =SUBSTITUTE(A50,1,3,1) -> 3.3.3
C51: Projeto: TER_ST_MC_NS_R_PARATI | I51: VOLUME | K51: =SUBSTITUTE(A51,1,3,1)
C52: Mapa de Cubação | I52: 901.18 | J52: =ROUND(PRODUCT(E52:I52),2) -> 901.18 | K52: =SUBSTITUTE(A52,1,3,1)
K53: =SUBSTITUTE(A53,1,3,1)
A54: 3.3.2 | B54: =VLOOKUP(A54,'PLANILHA ORCAMENTARIA'!A:J,2,0) -> COMP-35145154 | C54: =VLOOKUP(A54,'PLANILHA ORCAMENTARIA'!A:J,4,0) -> CARGA E DESCARGA MECANICA DE SOLO UTILIZANDO CAMINHAO BASCULANTE 14,0M3/36T E PA CARREGADEIRA SOBRE PNEUS 128 HP, CAPACIDADE DA CAÇAMBA 1,7 A 2,8 M3, PESO OPERACIONAL 11632 KH | D54: =VLOOKUP(A54,'PLANILHA ORCAMENTARIA'!A:J,5,0) -> M³ | J54: =ROUND(SUM(J56:J56),2) -> 1126.48 | K54: =SUBSTITUTE(A54,1,3,1) -> 3.3.2
C55: Volume de carga e descarga = Volume escavado | E55: EMPOLAMENTO | I55: VOLUME | K55: =SUBSTITUTE(A55,1,3,1)
C56: V = Volume de carga e descarga x 1,25 (empolamento) | E56: 1.25 | I56: =J50 -> 901.18 | J56: =ROUND(PRODUCT(E56:I56),2) -> 1126.48 | K56: =SUBSTITUTE(A56,1,3,1)
K57: =SUBSTITUTE(A57,1,3,1)
A58: 3.3.3 | B58: =VLOOKUP(A58,'PLANILHA ORCAMENTARIA'!A:J,2,0) -> 95876 | C58: =VLOOKUP(A58,'PLANILHA ORCAMENTARIA'!A:J,4,0) -> TRANSPORTE COM CAMINHÃO BASCULANTE DE 14 M³, EM VIA URBANA PAVIMENTADA, DMT ATÉ 30 KM (UNIDADE: M3XKM). AF_07/2020 | D58: =VLOOKUP(A58,'PLANILHA ORCAMENTARIA'!A:J,5,0) -> M3XKM | J58: =ROUND(SUM(J60:J60),2) -> 4167.98 | K58: =SUBSTITUTE(A58,1,3,1) -> 3.3.3
C59: Projeto: TER_ST_MC_NS_R_PARATI | E59: DMT | I59: VOLUME | K59: =SUBSTITUTE(A59,1,3,1)
C60: V = Volume de carga x DMT (9,50Km) | E60: 3.7 | I60: =J54 -> 1126.48 | J60: =ROUND(PRODUCT(E60:I60),2) -> 4167.98 | K60: =SUBSTITUTE(A60,1,3,1)
K61: =SUBSTITUTE(A61,1,3,1)
A62: 3.4 | C62: PAVIMENTAÇÃO | K62: =SUBSTITUTE(A62,1,3,1) -> 3.4
A63: 3.4.1 | B63: =VLOOKUP(A63,'PLANILHA ORCAMENTARIA'!A:J,2,0) -> 100576 | C63: =VLOOKUP(A63,'PLANILHA ORCAMENTARIA'!A:J,4,0) -> REGULARIZAÇÃO E COMPACTAÇÃO DE SUBLEITO DE SOLO PREDOMINANTEMENTE ARGILOSO, PARA OBRAS DE CONSTRUÇÃO DE PAVIMENTOS. AF_09/2024 | D63: =VLOOKUP(A63,'PLANILHA ORCAMENTARIA'!A:J,5,0) -> M2 | J63: =ROUND(SUM(J65:J65),2) -> 625.29 | K63: =SUBSTITUTE(A63,1,3,1) -> 3.4.3
C64: Projeto: GEO_PLA_R_PARATI | I64: ÁREA | K64: =SUBSTITUTE(A64,1,3,1)
C65: ÁREA DE INTERTRAVADO NA COR NATURAL | I65: 625.29 | J65: =ROUND(PRODUCT(E65:I65),2) -> 625.29 | K65: =SUBSTITUTE(A65,1,3,1)
K66: =SUBSTITUTE(A66,1,3,1)
A67: 3.4.2 | B67: =VLOOKUP(A67,'PLANILHA ORCAMENTARIA'!A:J,2,0) -> 105730 | C67: =VLOOKUP(A67,'PLANILHA ORCAMENTARIA'!A:J,4,0) -> CONSTRUÇÃO DE BASE E SUB-BASE PARA PAVIMENTAÇÃO DE BRITA GRADUADA SIMPLES, COM ESPESSURA DE 20 CM - EXCLUSIVE CARGA E TRANSPORTE. AF_09/2024 | D67: =VLOOKUP(A67,'PLANILHA ORCAMENTARIA'!A:J,5,0) -> M3 | J67: =ROUND(SUM(J69:J70),2) -> 130.46 | K67: =SUBSTITUTE(A67,1,3,1) -> 3.4.2
C68: Projeto: GEO_PLA_R_PARATI | K68: =SUBSTITUTE(A68,1,3,1)
C69: Base de brita | H69: ESPESSURA | I69: ÁREA | K69: =SUBSTITUTE(A69,1,3,1)
C70: ÁREA DE INTERTRAVADO NA COR NATURAL | H70: 0.2 | I70: 652.29 | J70: =ROUND(PRODUCT(E70:I70),2) -> 130.46 | K70: =SUBSTITUTE(A70,1,3,1)
K71: =SUBSTITUTE(A71,1,3,1)
A72: 3.4.3 | B72: =VLOOKUP(A72,'PLANILHA ORCAMENTARIA'!A:J,2,0) -> COMP-35145154 | C72: =VLOOKUP(A72,'PLANILHA ORCAMENTARIA'!A:J,4,0) -> CARGA E DESCARGA MECANICA DE SOLO UTILIZANDO CAMINHAO BASCULANTE 14,0M3/36T E PA CARREGADEIRA SOBRE PNEUS 128 HP, CAPACIDADE DA CAÇAMBA 1,7 A 2,8 M3, PESO OPERACIONAL 11632 KH | D72: =VLOOKUP(A72,'PLANILHA ORCAMENTARIA'!A:J,5,0) -> M³ | J72: =ROUND(SUM(J74:J74),2) -> 163.08 | K72: =SUBSTITUTE(A72,1,3,1) -> 3.4.3
E73: EMPOLAMENTO | I73: VOLUME DE BASE DE BRITA | K73: =SUBSTITUTE(A73,1,3,1)
C74: Base em Brita Graduada X Empolamento (1,25) | E74: 1.25 | I74: =J67 -> 130.46 | J74: =ROUND(PRODUCT(E74:I74),2) -> 163.08 | K74: =SUBSTITUTE(A74,1,3,1)
K75: =SUBSTITUTE(A75,1,3,1)
A76: 3.4.4 | B76: =VLOOKUP(A76,'PLANILHA ORCAMENTARIA'!A:J,2,0) -> COMP-83526730 | C76: =VLOOKUP(A76,'PLANILHA ORCAMENTARIA'!A:J,4,0) -> TRANSPORTE COMERCIAL DE BRITA | D76: =VLOOKUP(A76,'PLANILHA ORCAMENTARIA'!A:J,5,0) -> M³XKM | J76: =ROUND(SUM(J78:J78),2) -> 1581.88 | K76: =SUBSTITUTE(A76,1,3,1) -> 3.4.4
C77: Dmt - pedreira guarany - rua mangueira | E77: DMT | I77: VOLUME DE CARGA | K77: =SUBSTITUTE(A77,1,3,1)
C78: Volume de Carga X DMT (9,70Km) | E78: 9.7 | I78: =J72 -> 163.08 | J78: =ROUND(PRODUCT(E78:I78),2) -> 1581.88 | K78: =SUBSTITUTE(A78,1,3,1)
K79: =SUBSTITUTE(A79,1,3,1)
A80: 3.4.5 | B80: =VLOOKUP(A80,'PLANILHA ORCAMENTARIA'!A:J,2,0) -> CP-92399-27762594 | C80: =VLOOKUP(A80,'PLANILHA ORCAMENTARIA'!A:J,4,0) -> EXECUÇÃO DE VIA EM PISO INTERTRAVADO, COM BLOCO RETANGULAR COR NATURAL/COLORIDO DE 20 X 10 CM, ESPESSURA 8 CM - (SEM O MATERIAL BLOQUETE/PISO INTERTRAVADO) | D80: =VLOOKUP(A80,'PLANILHA ORCAMENTARIA'!A:J,5,0) -> M2 | J80: =ROUND(SUM(J82:J82),2) -> 652.29 | K80: =SUBSTITUTE(A80,1,3,1) -> 3.4.5
C81: Projeto: GEO_PLA_R_PARATI | I81: ÁREA | K81: =SUBSTITUTE(A81,1,3,1)
C82: Área da Via em Bloco Intertravado na cor natural (De acordo com o quadro de especificações) | I82: =I70 -> 652.29 | J82: =ROUND(PRODUCT(E82:I82),2) -> 652.29 | K82: =SUBSTITUTE(A82,1,3,1)
K83: =SUBSTITUTE(A83,1,3,1)
A84: 3.4.6 | B84: =VLOOKUP(A84,'PLANILHA ORCAMENTARIA'!A:J,2,0) -> 00036170 | C84: =VLOOKUP(A84,'PLANILHA ORCAMENTARIA'!A:J,4,0) -> BLOQUETE/PISO INTERTRAVADO DE CONCRETO - MODELO ONDA/16 FACES/RETANGULAR/TIJOLINHO/PAVER/HOLANDES/PARALELEPIPEDO, *20 X 10* CM, E = 8 CM, RESISTENCIA DE 35 MPA, COR NATURAL - BDI = 10,07 | D84: =VLOOKUP(A84,'PLANILHA ORCAMENTARIA'!A:J,5,0) -> M2 | J84: =ROUND(SUM(J86:J86),2) -> 660.83 | K84: =SUBSTITUTE(A84,1,3,1) -> 3.4.6
E85: COEFICIENTE | I85: ÁREA | K85: =SUBSTITUTE(A85,1,3,1)
C86: coeficiente do item sinapi 92399 | E86: 1.0131 | I86: =J82 -> 652.29 | J86: =ROUND(PRODUCT(E86:I86),2) -> 660.83 | K86: =SUBSTITUTE(A86,1,3,1)
K87: =SUBSTITUTE(A87,1,3,1)
A88: 3.4.7 | B88: =VLOOKUP(A88,'PLANILHA ORCAMENTARIA'!A:J,2,0) -> 94273 | C88: =VLOOKUP(A88,'PLANILHA ORCAMENTARIA'!A:J,4,0) -> ASSENTAMENTO DE GUIA (MEIO-FIO) EM TRECHO RETO, CONFECCIONADA EM CONCRETO PRÉ-FABRICADO, DIMENSÕES 100X15X13X30 CM (COMPRIMENTO X BASE INFERIOR X BASE SUPERIOR X ALTURA). AF_01/2024 | D88: =VLOOKUP(A88,'PLANILHA ORCAMENTARIA'!A:J,5,0) -> M | J88: =ROUND(SUM(J90:J91),2) -> 339.42 | K88: =SUBSTITUTE(A88,1,3,1) -> 3.4.7
C89: Projeto: GEO_PLA_R_PARATI | F89: COMPRIMENTO | K89: =SUBSTITUTE(A89,1,3,1)
C90: Meio-Fio (Comprimento retirado do quadro de especificações) - trecho curvo | F90: 323.9 | J90: =ROUND(PRODUCT(E90:I90),2) -> 323.9 | K90: =SUBSTITUTE(A90,1,3,1)
C91: Recrava (Comprimento retirado do quadro de especificações) - trecho curvo | F91: 15.52 | J91: =ROUND(PRODUCT(E91:I91),2) -> 15.52 | K91: =SUBSTITUTE(A91,1,3,1)
K92: =SUBSTITUTE(A92,1,3,1)
A93: 3.5 | C93: DRENAGEM | K93: =SUBSTITUTE(A93,1,3,1) -> 3.5
A94: 3.5.1 | B94: =VLOOKUP(A94,'PLANILHA ORCAMENTARIA'!A:J,2,0) -> 93358 | C94: =VLOOKUP(A94,'PLANILHA ORCAMENTARIA'!A:J,4,0) -> ESCAVAÇÃO MANUAL DE VALA. AF_09/2024 | D94: =VLOOKUP(A94,'PLANILHA ORCAMENTARIA'!A:J,5,0) -> M3 | J94: =ROUND(SUM(J95:J97),2) -> 5.12 | K94: =SUBSTITUTE(A94,1,3,1) -> 3.5.3
C95: Projeto: DRE_PLA_R_PARATI | F95: COMPRIMENTO | G95: LARGURA | H95: ALTURA | K95: =SUBSTITUTE(A95,1,3,1)
C96: Sarjetão: Comprimento X Largura (0,40m) X Profundidade (0,16-0,08m) | F96: =8*20 -> 160 | G96: 0.4 | H96: =0.16-0.08 -> 0.08 | J96: =ROUND(PRODUCT(E96:I96),2) -> 5.12 | K96: =SUBSTITUTE(A96,1,3,1)
K97: =SUBSTITUTE(A97,1,3,1)
A98: 3.5.2 | B98: =VLOOKUP(A98,'PLANILHA ORCAMENTARIA'!A:J,2,0) -> 94974 | C98: =VLOOKUP(A98,'PLANILHA ORCAMENTARIA'!A:J,4,0) -> CONCRETO MAGRO PARA LASTRO, TRAÇO 1:4,5:4,5 (EM MASSA SECA DE CIMENTO/ AREIA MÉDIA/ BRITA 1) - PREPARO MANUAL. AF_05/2021 | D98: =VLOOKUP(A98,'PLANILHA ORCAMENTARIA'!A:J,5,0) -> M3 | J98: =ROUND(SUM(J99:J101),2) -> 3.2 | K98: =SUBSTITUTE(A98,1,3,1) -> 3.5.2
C99: Projeto: DRE_PLA_R_PARATI | F99: COMPRIMENTO | G99: LARGURA | H99: ALTURA | K99: =SUBSTITUTE(A99,1,3,1)
C100: Sarjetão: Comprimento X Largura X Espessura (0,05m) | F100: =F96 -> 160 | G100: 0.4 | H100: 0.05 | J100: =ROUND(PRODUCT(E100:I100),2) -> 3.2 | K100: =SUBSTITUTE(A100,1,3,1)
...

Sheet COMPOSICOES PROPRIAS
A3: INS-13695818 ALUGUEL DE BANHEIRO QUÍMICO INCLUSIVE LOCAÇÃO, TRANSPORTE E LIMPEZA (MÊS)
A4: Cotação | C4: FONTE | D4: UNID | E4: COEFICIENTE | F4: PREÇO UNITÁRIO | G4: TOTAL
A5: INS-13695818 | B5: ALUGUEL DE BANHEIRO QUÍMICO INCLUSIVE LOCAÇÃO, TRANSPORTE E LIMPEZA | C5: Composições | D5: MÊS | E5: 1 | F5: 1200 | G5: =ROUND(ROUND(E5,8)*F5,2) -> 1200
E6: TOTAL Cotação: | G6: =SUM(G5:G5) -> 1200
E7: VALOR: | G7: =ROUND(SUM(G6),2) -> 1200
A9: COMP-20511029 MOBILIZAÇÃO DE CONTAINER_JANEIRO/2026 (UND)
A10: Cotação | C10: FONTE | D10: UNID | E10: COEFICIENTE | F10: PREÇO UNITÁRIO | G10: TOTAL
A11: COMP-20511029 | B11: MOBILIZAÇÃO DE CONTAINER_JANEIRO/2026 | C11: Composições | D11: UND | E11: 1 | F11: 883.33 | G11: =ROUND(ROUND(E11,8)*F11,2) -> 883.33
E12: TOTAL Cotação: | G12: =SUM(G11:G11) -> 883.33
E13: VALOR: | G13: =ROUND(SUM(G12),2) -> 883.33
A15: COMP-38919866 DESMOBILIZAÇÃO DE CONTAINER_JANEIRO/2026 (UND)
A16: Cotação | C16: FONTE | D16: UNID | E16: COEFICIENTE | F16: PREÇO UNITÁRIO | G16: TOTAL
A17: COMP-38919866 | B17: DESMOBILIZAÇÃO DE CONTAINER_JANEIRO/2026 | C17: Composições | D17: UND | E17: 1 | F17: 883.33 | G17: =ROUND(ROUND(E17,8)*F17,2) -> 883.33
E18: TOTAL Cotação: | G18: =SUM(G17:G17) -> 883.33
E19: VALOR: | G19: =ROUND(SUM(G18),2) -> 883.33
A21: CP-94296-25656932 TOPOGRAFO COM ENCARGOS COMPLEMENTARES (MES)
A22: Encargos Complementares | C22: FONTE | D22: UNID | E22: COEFICIENTE | F22: PREÇO UNITÁRIO | G22: TOTAL
A23: 00043505 | B23: EPI - FAMILIA TOPOGRAFO - MENSALISTA (ENCARGOS COMPLEMENTARES - COLETADO CAIXA) | C23: SINAPI | D23: MES | E23: 1 | F23: 138.98 | G23: =ROUND(ROUND(E23,8)*F23,2) -> 138.98
A24: 00040863 | B24: EXAMES - MENSALISTA (COLETADO CAIXA - ENCARGOS COMPLEMENTARES) | C24: SINAPI | D24: MES | E24: 1 | F24: 270.51 | G24: =ROUND(ROUND(E24,8)*F24,2) -> 270.51
A25: 00043481 | B25: FERRAMENTAS - FAMILIA TOPOGRAFO - MENSALISTA (ENCARGOS COMPLEMENTARES - COLETADO CAIXA) | C25: SINAPI | D25: MES | E25: 1 | F25: 9.89 | G25: =ROUND(ROUND(E25,8)*F25,2) -> 9.89
A26: 00040864 | B26: SEGURO - MENSALISTA (COLETADO CAIXA - ENCARGOS COMPLEMENTARES) | C26: SINAPI | D26: MES | E26: 1 | F26: 15.46 | G26: =ROUND(ROUND(E26,8)*F26,2) -> 15.46
E27: TOTAL Encargos Complementares: | G27: =SUM(G23:G26) -> 434.84
A28: Equipamento | C28: FONTE | D28: UNID | E28: COEFICIENTE | F28: PREÇO UNITÁRIO | G28: TOTAL
A29: 00007252 | B29: LOCACAO DE NIVEL OPTICO, COM PRECISAO DE 0,7 MM, AUMENTO DE 32X | C29: SINAPI | D29: H | E29: 220 | F29: 2.48 | G29: =ROUND(ROUND(E29,8)*F29,2) -> 545.6
A30: 00007247 | B30: LOCACAO DE TEODOLITO ELETRONICO, PRECISAO ANGULAR DE 5 A 7 SEGUNDOS, INCLUINDO TRIPE | C30: SINAPI | D30: H | E30: 220 | F30: 2.48 | G30: =ROUND(ROUND(E30,8)*F30,2) -> 545.6
E31: TOTAL Equipamento: | G31: =SUM(G29:G30) -> 1091.2
A32: Mão de Obra | C32: FONTE | D32: UNID | E32: COEFICIENTE | F32: PREÇO UNITÁRIO | G32: TOTAL
A33: 00040820 | B33: TOPOGRAFO (MENSALISTA) | C33: SINAPI | D33: MES | E33: 1 | F33: 5471.41 | G33: =ROUND(ROUND(E33,8)*F33,2) -> 5471.41
E34: TOTAL Mão de Obra: | G34: =SUM(G33:G33) -> 5471.41
A35: Serviço | C35: FONTE | D35: UNID | E35: COEFICIENTE | F35: PREÇO UNITÁRIO | G35: TOTAL
A36: 95424 | B36: CURSO DE CAPACITAÇÃO PARA TOPÓGRAFO (ENCARGOS COMPLEMENTARES) - MENSALISTA | C36: SINAPI | D36: MES | E36: 1 | F36: 34.25 | G36: =ROUND(ROUND(E36,8)*F36,2) -> 34.25
E37: TOTAL Serviço: | G37: =SUM(G36:G36) -> 34.25
E38: VALOR: | G38: =ROUND(SUM(G27,G31,G34,G37),2) -> 7031.7
A40: CP-74205/001-17324935 ESCAVAÇÃO MECÂNICA DE MATERIAL 1A. CATEGORIA, PROVENIENTE DE CORTE DE SUBLEITO (C/TRATOR ESTEIRAS 160HP) (M3)
A41: Equipamento Custo Horário | C41: FONTE | D41: UNID | E41: COEFICIENTE | F41: PREÇO UNITÁRIO | G41: TOTAL
A42: 5847 | B42: TRATOR DE ESTEIRAS, POTÊNCIA 170 HP, PESO OPERACIONAL 19 T, CAÇAMBA 5,2 M3 - CHP DIURNO. AF_06/2014 | C42: SINAPI | D42: CHP | E42: 0.00794 | F42: 280.26 | G42: =ROUND(ROUND(E42,8)*F42,2) -> 2.23
E43: TOTAL Equipamento Custo Horário: | G43: =SUM(G42:G42) -> 2.23
A44: Mão de Obra com Encargos Complementares | C44: FONTE | D44: UNID | E44: COEFICIENTE | F44: PREÇO UNITÁRIO | G44: TOTAL
A45: 88316 | B45: SERVENTE COM ENCARGOS COMPLEMENTARES | C45: SINAPI | D45: H | E45: 0.0069 | F45: 24.08 | G45: =ROUND(ROUND(E45,8)*F45,2) -> 0.17
E46: TOTAL Mão de Obra com Encargos Complementares: | G46: =SUM(G45:G45) -> 0.17
E47: VALOR: | G47: =ROUND(SUM(G43,G46),2) -> 2.4
A49: COMP-35145154 CARGA E DESCARGA MECANICA DE SOLO UTILIZANDO CAMINHAO BASCULANTE 14,0M3 E PA CARREGADEIRA SOBRE PNEUS 128 HP, CAPACIDADE DA CAÇAMBA 1,7 A 2,8 M3, PESO OPERACIONAL 11632 KG (M³)
A50: Equipamento Custo Horário | C50: FONTE | D50: UNID | E50: COEFICIENTE | F50: PREÇO UNITÁRIO | G50: TOTAL
A51: 89876 | B51: CAMINHÃO BASCULANTE 14 M3, COM CAVALO MECÂNICO DE CAPACIDADE MÁXIMA DE TRAÇÃO COMBINADO DE 36000 KG, POTÊNCIA 286 CV, INCLUSIVE SEMIREBOQUE COM CAÇAMBA METÁLICA - CHP DIURNO. AF_12/2014 | C51: SINAPI | D51: CHP | E51: 0.003 | F51: 333.19 | G51: =ROUND(ROUND(E51,8)*F51,2) -> 1
A52: 5940 | B52: PÁ CARREGADEIRA SOBRE RODAS, POTÊNCIA LÍQUIDA 128 HP, CAPACIDADE DA CAÇAMBA 1,7 A 2,8 M3, PESO OPERACIONAL 11632 KG - CHP DIURNO. AF_06/2014 | C52: SINAPI | D52: CHP | E52: 0.008 | F52: 166.45 | G52: =ROUND(ROUND(E52,8)*F52,2) -> 1.33
E53: TOTAL Equipamento Custo Horário: | G53: =SUM(G51:G52) -> 2.33
A54: Mão de Obra com Encargos Complementares | C54: FONTE | D54: UNID | E54: COEFICIENTE | F54: PREÇO UNITÁRIO | G54: TOTAL
A55: 88316 | B55: SERVENTE COM ENCARGOS COMPLEMENTARES | C55: SINAPI | D55: H | E55: 0.008 | F55: 24.08 | G55: =ROUND(ROUND(E55,8)*F55,2) -> 0.19
E56: TOTAL Mão de Obra com Encargos Complementares: | G56: =SUM(G55:G55) -> 0.19
E57: VALOR: | G57: =ROUND(SUM(G53,G56),2) -> 2.52
A59: COMP-35145154 CARGA E DESCARGA MECANICA DE SOLO UTILIZANDO CAMINHAO BASCULANTE 14,0M3 E PA CARREGADEIRA SOBRE PNEUS 128 HP, CAPACIDADE DA CAÇAMBA 1,7 A 2,8 M3, PESO OPERACIONAL 11632 KG (M³)
A60: Equipamento Custo Horário | C60: FONTE | D60: UNID | E60: COEFICIENTE | F60: PREÇO UNITÁRIO | G60: TOTAL
A61: 89876 | B61: CAMINHÃO BASCULANTE 14 M3, COM CAVALO MECÂNICO DE CAPACIDADE MÁXIMA DE TRAÇÃO COMBINADO DE 36000 KG, POTÊNCIA 286 CV, INCLUSIVE SEMIREBOQUE COM CAÇAMBA METÁLICA - CHP DIURNO. AF_12/2014 | C61: SINAPI | D61: CHP | E61: 0.003 | F61: 333.19 | G61: =ROUND(ROUND(E61,8)*F61,2) -> 1
A62: 5940 | B62: PÁ CARREGADEIRA SOBRE RODAS, POTÊNCIA LÍQUIDA 128 HP, CAPACIDADE DA CAÇAMBA 1,7 A 2,8 M3, PESO OPERACIONAL 11632 KG - CHP DIURNO. AF_06/2014 | C62: SINAPI | D62: CHP | E62: 0.008 | F62: 166.45 | G62: =ROUND(ROUND(E62,8)*F62,2) -> 1.33
E63: TOTAL Equipamento Custo Horário: | G63: =SUM(G61:G62) -> 2.33
A64: Mão de Obra com Encargos Complementares | C64: FONTE | D64: UNID | E64: COEFICIENTE | F64: PREÇO UNITÁRIO | G64: TOTAL
A65: 88316 | B65: SERVENTE COM ENCARGOS COMPLEMENTARES | C65: SINAPI | D65: H | E65: 0.008 | F65: 24.08 | G65: =ROUND(ROUND(E65,8)*F65,2) -> 0.19
E66: TOTAL Mão de Obra com Encargos Complementares: | G66: =SUM(G65:G65) -> 0.19
E67: VALOR: | G67: =ROUND(SUM(G63,G66),2) -> 2.52
A69: COMP-83526730 TRANSPORTE COMERCIAL DE BRITA (M³XKM)
A70: Equipamento Custo Horário | C70: FONTE | D70: UNID | E70: COEFICIENTE | F70: PREÇO UNITÁRIO | G70: TOTAL
A71: 91386 | B71: CAMINHÃO BASCULANTE 10 M3, TRUCADO CABINE SIMPLES, PESO BRUTO TOTAL 23.000 KG, CARGA ÚTIL MÁXIMA 15.935 KG, DISTÂNCIA ENTRE EIXOS 4,80 M, POTÊNCIA 230 CV INCLUSIVE CAÇAMBA METÁLICA - CHP DIURNO. AF_06/2014 | C71: SINAPI | D71: CHP | E71: 0.0046 | F71: 272.22 | G71: =ROUND(ROUND(E71,8)*F71,2) -> 1.25
E72: TOTAL Equipamento Custo Horário: | G72: =SUM(G71:G71) -> 1.25
E73: VALOR: | G73: =ROUND(SUM(G72),2) -> 1.25
A75: CP-92399-27762594 EXECUÇÃO DE VIA EM PISO INTERTRAVADO, COM BLOCO RETANGULAR COR NATURAL/COLORIDO DE 20 X 10 CM, ESPESSURA 8 CM - (SEM O MATERIAL BLOQUETE/PISO INTERTRAVADO) (M2)
A76: Equipamento Custo Horário | C76: FONTE | D76: UNID | E76: COEFICIENTE | F76: PREÇO UNITÁRIO | G76: TOTAL
A77: 91285 | B77: CORTADORA DE PISO COM MOTOR 4 TEMPOS A GASOLINA, POTÊNCIA DE 13 HP, COM DISCO DE CORTE DIAMANTADO SEGMENTADO PARA CONCRETO, DIÂMETRO DE 350 MM, FURO DE 1" (14 X 1") - CHI DIURNO. AF_08/2015 | C77: SINAPI | D77: CHI | E77: 0.1217 | F77: 0.47 | G77: =ROUND(ROUND(E77,8)*F77,2) -> 0.06
A78: 91283 | B78: CORTADORA DE PISO COM MOTOR 4 TEMPOS A GASOLINA, POTÊNCIA DE 13 HP, COM DISCO DE CORTE DIAMANTADO SEGMENTADO PARA CONCRETO, DIÂMETRO DE 350 MM, FURO DE 1" (14 X 1") - CHP DIURNO. AF_08/2015 | C78: SINAPI | D78: CHP | E78: 0.0135 | F78: 10.1 | G78: =ROUND(ROUND(E78,8)*F78,2) -> 0.14
A79: 91278 | B79: PLACA VIBRATÓRIA REVERSÍVEL COM MOTOR 4 TEMPOS A GASOLINA, FORÇA CENTRÍFUGA DE 25 KN (2500 KGF), POTÊNCIA 5,5 CV - CHI DIURNO. AF_08/2015 | C79: SINAPI | D79: CHI | E79: 0.1297 | F79: 0.78 | G79: =ROUND(ROUND(E79,8)*F79,2) -> 0.1
A80: 91277 | B80: PLACA VIBRATÓRIA REVERSÍVEL COM MOTOR 4 TEMPOS A GASOLINA, FORÇA CENTRÍFUGA DE 25 KN (2500 KGF), POTÊNCIA 5,5 CV - CHP DIURNO. AF_08/2015 | C80: SINAPI | D80: CHP | E80: 0.0055 | F80: 10.63 | G80: =ROUND(ROUND(E80,8)*F80,2) -> 0.06
E81: TOTAL Equipamento Custo Horário: | G81: =SUM(G77:G80) -> 0.36
A82: Material | C82: FONTE | D82: UNID | E82: COEFICIENTE | F82: PREÇO UNITÁRIO | G82: TOTAL
A83: 00000370 | B83: AREIA MEDIA - POSTO JAZIDA/FORNECEDOR (RETIRADO NA JAZIDA, SEM TRANSPORTE) | C83: SINAPI | D83: M3 | E83: 0.0568 | F83: 145 | G83: =ROUND(ROUND(E83,8)*F83,2) -> 8.24
A84: 00004741 | B84: PO DE PEDRA (POSTO PEDREIRA/FORNECEDOR, SEM FRETE) | C84: SINAPI | D84: M3 | E84: 0.0087 | F84: 95.03 | G84: =ROUND(ROUND(E84,8)*F84,2) -> 0.83
E85: TOTAL Material: | G85: =SUM(G83:G84) -> 9.07
A86: Mão de Obra com Encargos Complementares | C86: FONTE | D86: UNID | E86: COEFICIENTE | F86: PREÇO UNITÁRIO | G86: TOTAL
A87: 88260 | B87: CALCETEIRO COM ENCARGOS COMPLEMENTARES | C87: SINAPI | D87: H | E87: 0.2703 | F87: 29.63 | G87: =ROUND(ROUND(E87,8)*F87,2) -> 8.01
A88: 88316 | B88: SERVENTE COM ENCARGOS COMPLEMENTARES | C88: SINAPI | D88: H | E88: 0.2703 | F88: 24.08 | G88: =ROUND(ROUND(E88,8)*F88,2) -> 6.51
E89: TOTAL Mão de Obra com Encargos Complementares: | G89: =SUM(G87:G88) -> 14.52
E90: VALOR: | G90: =ROUND(SUM(G81,G85,G89),2) -> 23.95
A92: CP-74157/004-48264518 LANÇAMENTO/APLICACAO MANUAL DE CONCRETO EM FUNDACOES (CONCRETO MAGRO) (M3)
A93: Mão de Obra com Encargos Complementares | C93: FONTE | D93: UNID | E93: COEFICIENTE | F93: PREÇO UNITÁRIO | G93: TOTAL
A94: 88309 | B94: PEDREIRO COM ENCARGOS COMPLEMENTARES | C94: SINAPI | D94: H | E94: 1.65 | F94: 29.85 | G94: =ROUND(ROUND(E94,8)*F94,2) -> 49.25
A95: 88316 | B95: SERVENTE COM ENCARGOS COMPLEMENTARES | C95: SINAPI | D95: H | E95: 4.5 | F95: 24.08 | G95: =ROUND(ROUND(E95,8)*F95,2) -> 108.36
E96: TOTAL Mão de Obra com Encargos Complementares: | G96: =SUM(G94:G95) -> 157.61
E97: VALOR: | G97: =ROUND(SUM(G96),2) -> 157.61
A99: CP-S03639-45770834 Fornecimento e instalação de tela aço soldada nervurada CA-60, Q-283, malha 10x10cm, ferro 6.02mm (4,48 kg/m2), painel 2,45x6,0m, Telcon ou similar (m2)
A100: Material | C100: FONTE | D100: UNID | E100: COEFICIENTE | F100: PREÇO UNITÁRIO | G100: TOTAL
A101: 00043127 | B101: TELA DE ACO SOLDADA NERVURADA, CA-60, Q-283 (4,48 KG/M2), DIAMETRO DO FIO = 6,0 MM, LARGURA = 2,45 X 6,00 M DE COMPRIMENTO, ESPACAMENTO DA MALHA = 10 X 10 CM | C101: SINAPI | D101: M2 | E101: 1 | F101: 31.54 | G101: =ROUND(ROUND(E101,8)*F101,2) -> 31.54
E102: TOTAL Material: | G102: =SUM(G101:G101) -> 31.54
A103: Mão de Obra com Encargos Complementares | C103: FONTE | D103: UNID | E103: COEFICIENTE | F103: PREÇO UNITÁRIO | G103: TOTAL
A104: 88245 | B104: ARMADOR COM ENCARGOS COMPLEMENTARES | C104: SINAPI | D104: H | E104: 0.5 | F104: 29.63 | G104: =ROUND(ROUND(E104,8)*F104,2) -> 14.82
E105: TOTAL Mão de Obra com Encargos Complementares: | G105: =SUM(G104:G104) -> 14.82
E106: VALOR: | G106: =ROUND(SUM(G102,G105),2) -> 46.36
A108: COMP-58084869 PLACA ESMALTADA PARA IDENTIFICAÇÃO NR DE RUA, DIMENSÕES 45X25CM (UND)
A109: Material | C109: FONTE | D109: UNID | E109: COEFICIENTE | F109: PREÇO UNITÁRIO | G109: TOTAL
A110: 00011950 | B110: BUCHA DE NYLON SEM ABA S6, COM PARAFUSO DE 4,20 X 40 MM EM ACO ZINCADO COM ROSCA SOBERBA, CABECA CHATA E FENDA PHILLIPS | C110: SINAPI | D110: UN | E110: 4 | F110: 0.31 | G110: =ROUND(ROUND(E110,8)*F110,2) -> 1.24
A111: 00013521 | B111: PLACA DE ACO ESMALTADA PARA IDENTIFICACAO DE RUA, *45 CM X 20* CM | C111: SINAPI | D111: UN | E111: 1 | F111: 132 | G111: =ROUND(ROUND(E111,8)*F111,2) -> 132
E112: TOTAL Material: | G112: =SUM(G110:G111) -> 133.24
A113: Mão de Obra com Encargos Complementares | C113: FONTE | D113: UNID | E113: COEFICIENTE | F113: PREÇO UNITÁRIO | G113: TOTAL
...

Sheet COMPOSICOES AUXILIARES
A3: 88629 ARGAMASSA TRAÇO 1:3 (EM VOLUME DE CIMENTO E AREIA MÉDIA ÚMIDA), PREPARO MANUAL. AF_08/2019 (M3)
A4: Material | D4: FONTE | F4: UNID | G4: COEFICIENTE | I4: PREÇO UNITÁRIO | K4: TOTAL
A5: 00000370 | B5: AREIA MEDIA - POSTO JAZIDA/FORNECEDOR (RETIRADO NA JAZIDA, SEM TRANSPORTE) | D5: SINAPI | F5: M3 | G5: 1.07 | I5: 145 | K5: =ROUND(ROUND(G5,8)*I5,2) -> 155.15
A6: 00001379 | B6: CIMENTO PORTLAND COMPOSTO CP II-32 | D6: SINAPI | F6: KG | G6: 482.96 | I6: 0.84 | K6: =ROUND(ROUND(G6,8)*I6,2) -> 405.69
G7: TOTAL Material: | K7: =SUM(K5:K6) -> 560.84
A8: Mão de Obra com Encargos Complementares | D8: FONTE | F8: UNID | G8: COEFICIENTE | I8: PREÇO UNITÁRIO | K8: TOTAL
A9: 88316 | B9: SERVENTE COM ENCARGOS COMPLEMENTARES | D9: SINAPI | F9: H | G9: 8.57 | I9: 24.08 | K9: =ROUND(ROUND(G9,8)*I9,2) -> 206.37
G10: TOTAL Mão de Obra com Encargos Complementares: | K10: =SUM(K9:K9) -> 206.37
G11: VALOR: | K11: =ROUND(SUM(K7,K10),2) -> 767.21
A13: 88245 ARMADOR COM ENCARGOS COMPLEMENTARES (H)
A14: Encargos Complementares | D14: FONTE | F14: UNID | G14: COEFICIENTE | I14: PREÇO UNITÁRIO | K14: TOTAL
A15: 00037370 | B15: ALIMENTACAO - HORISTA (COLETADO CAIXA - ENCARGOS COMPLEMENTARES) | D15: SINAPI | F15: H | G15: 1 | I15: 2.79 | K15: =ROUND(ROUND(G15,8)*I15,2) -> 2.79
A16: 00043489 | B16: EPI - FAMILIA PEDREIRO - HORISTA (ENCARGOS COMPLEMENTARES - COLETADO CAIXA) | D16: SINAPI | F16: H | G16: 1 | I16: 1.31 | K16: =ROUND(ROUND(G16,8)*I16,2) -> 1.31
A17: 00037372 | B17: EXAMES - HORISTA (COLETADO CAIXA - ENCARGOS COMPLEMENTARES) | D17: SINAPI | F17: H | G17: 1 | I17: 1.43 | K17: =ROUND(ROUND(G17,8)*I17,2) -> 1.43
A18: 00043465 | B18: FERRAMENTAS - FAMILIA PEDREIRO - HORISTA (ENCARGOS COMPLEMENTARES - COLETADO CAIXA) | D18: SINAPI | F18: H | G18: 1 | I18: 0.78 | K18: =ROUND(ROUND(G18,8)*I18,2) -> 0.78
A19: 00037373 | B19: SEGURO - HORISTA (COLETADO CAIXA - ENCARGOS COMPLEMENTARES) | D19: SINAPI | F19: H | G19: 1 | I19: 0.08 | K19: =ROUND(ROUND(G19,8)*I19,2) -> 0.08
A20: 00037371 | B20: TRANSPORTE - HORISTA (COLETADO CAIXA - ENCARGOS COMPLEMENTARES) | D20: SINAPI | F20: H | G20: 1 | I20: 0.54 | K20: =ROUND(ROUND(G20,8)*I20,2) -> 0.54
G21: TOTAL Encargos Complementares: | K21: =SUM(K15:K20) -> 6.93
A22: Mão de Obra | D22: FONTE | F22: UNID | G22: COEFICIENTE | I22: PREÇO UNITÁRIO | K22: TOTAL
A23: 00000378 | B23: ARMADOR (HORISTA) | D23: SINAPI | F23: H | G23: 1 | I23: 22.45 | K23: =ROUND(ROUND(G23,8)*I23,2) -> 22.45
G24: TOTAL Mão de Obra: | K24: =SUM(K23:K23) -> 22.45
A25: Serviço | D25: FONTE | F25: UNID | G25: COEFICIENTE | I25: PREÇO UNITÁRIO | K25: TOTAL
A26: 95314 | B26: CURSO DE CAPACITAÇÃO PARA ARMADOR (ENCARGOS COMPLEMENTARES) - HORISTA | D26: SINAPI | F26: H | G26: 1 | I26: 0.25 | K26: =ROUND(ROUND(G26,8)*I26,2) -> 0.25
G27: TOTAL Serviço: | K27: =SUM(K26:K26) -> 0.25
G28: VALOR: | K28: =ROUND(SUM(K21,K24,K27),2) -> 29.63
A30: 88246 ASSENTADOR DE TUBOS COM ENCARGOS COMPLEMENTARES (H)
A31: Encargos Complementares | D31: FONTE | F31: UNID | G31: COEFICIENTE | I31: PREÇO UNITÁRIO | K31: TOTAL
A32: 00037370 | B32: ALIMENTACAO - HORISTA (COLETADO CAIXA - ENCARGOS COMPLEMENTARES) | D32: SINAPI | F32: H | G32: 1 | I32: 2.79 | K32: =ROUND(ROUND(G32,8)*I32,2) -> 2.79
A33: 00043488 | B33: EPI - FAMILIA OPERADOR ESCAVADEIRA - HORISTA (ENCARGOS COMPLEMENTARES - COLETADO CAIXA) | D33: SINAPI | F33: H | G33: 1 | I33: 0.89 | K33: =ROUND(ROUND(G33,8)*I33,2) -> 0.89
A34: 00037372 | B34: EXAMES - HORISTA (COLETADO CAIXA - ENCARGOS COMPLEMENTARES) | D34: SINAPI | F34: H | G34: 1 | I34: 1.43 | K34: =ROUND(ROUND(G34,8)*I34,2) -> 1.43
A35: 00043464 | B35: FERRAMENTAS - FAMILIA OPERADOR ESCAVADEIRA - HORISTA (ENCARGOS COMPLEMENTARES - COLETADO CAIXA) | D35: SINAPI | F35: H | G35: 1 | I35: 0.01 | K35: =ROUND(ROUND(G35,8)*I35,2) -> 0.01
A36: 00037373 | B36: SEGURO - HORISTA (COLETADO CAIXA - ENCARGOS COMPLEMENTARES) | D36: SINAPI | F36: H | G36: 1 | I36: 0.08 | K36: =ROUND(ROUND(G36,8)*I36,2) -> 0.08
A37: 00037371 | B37: TRANSPORTE - HORISTA (COLETADO CAIXA - ENCARGOS COMPLEMENTARES) | D37: SINAPI | F37: H | G37: 1 | I37: 0.54 | K37: =ROUND(ROUND(G37,8)*I37,2) -> 0.54
G38: TOTAL Encargos Complementares: | K38: =SUM(K32:K37) -> 5.74
A39: Mão de Obra | D39: FONTE | F39: UNID | G39: COEFICIENTE | I39: PREÇO UNITÁRIO | K39: TOTAL
A40: 00040331 | B40: ASSENTADOR DE MANILHAS (HORISTA) | D40: SINAPI | F40: H | G40: 1 | I40: 12.8 | K40: =ROUND(ROUND(G40,8)*I40,2) -> 12.8
G41: TOTAL Mão de Obra: | K41: =SUM(K40:K40) -> 12.8
A42: Serviço | D42: FONTE | F42: UNID | G42: COEFICIENTE | I42: PREÇO UNITÁRIO | K42: TOTAL
A43: 95315 | B43: CURSO DE CAPACITAÇÃO PARA ASSENTADOR DE TUBOS (ENCARGOS COMPLEMENTARES) - HORISTA | D43: SINAPI | F43: H | G43: 1 | I43: 0.18 | K43: =ROUND(ROUND(G43,8)*I43,2) -> 0.18
G44: TOTAL Serviço: | K44: =SUM(K43:K43) -> 0.18
G45: VALOR: | K45: =ROUND(SUM(K38,K41,K44),2) -> 18.72
A47: 89226 BETONEIRA CAPACIDADE NOMINAL DE 600 L, CAPACIDADE DE MISTURA 360 L, MOTOR ELÉTRICO TRIFÁSICO POTÊNCIA DE 4 CV, SEM CARREGADOR - CHI DIURNO. AF_05/2023 (CHI)
A48: Serviço | D48: FONTE | F48: UNID | G48: COEFICIENTE | I48: PREÇO UNITÁRIO | K48: TOTAL
A49: 89221 | B49: BETONEIRA CAPACIDADE NOMINAL DE 600 L, CAPACIDADE DE MISTURA 360 L, MOTOR ELÉTRICO TRIFÁSICO POTÊNCIA DE 4 CV, SEM CARREGADOR - DEPRECIAÇÃO. AF_05/2023 | D49: SINAPI | F49: H | G49: 1 | I49: 1.4 | K49: =ROUND(ROUND(G49,8)*I49,2) -> 1.4
A50: 89222 | B50: BETONEIRA CAPACIDADE NOMINAL DE 600 L, CAPACIDADE DE MISTURA 360 L, MOTOR ELÉTRICO TRIFÁSICO POTÊNCIA DE 4 CV, SEM CARREGADOR - JUROS. AF_05/2023 | D50: SINAPI | F50: H | G50: 1 | I50: 0.32 | K50: =ROUND(ROUND(G50,8)*I50,2) -> 0.32
G51: TOTAL Serviço: | K51: =SUM(K49:K50) -> 1.72
G52: VALOR: | K52: =ROUND(SUM(K51),2) -> 1.72
A54: 89225 BETONEIRA CAPACIDADE NOMINAL DE 600 L, CAPACIDADE DE MISTURA 360 L, MOTOR ELÉTRICO TRIFÁSICO POTÊNCIA DE 4 CV, SEM CARREGADOR - CHP DIURNO. AF_05/2023 (CHP)
A55: Serviço | D55: FONTE | F55: UNID | G55: COEFICIENTE | I55: PREÇO UNITÁRIO | K55: TOTAL
A56: 89221 | B56: BETONEIRA CAPACIDADE NOMINAL DE 600 L, CAPACIDADE DE MISTURA 360 L, MOTOR ELÉTRICO TRIFÁSICO POTÊNCIA DE 4 CV, SEM CARREGADOR - DEPRECIAÇÃO. AF_05/2023 | D56: SINAPI | F56: H | G56: 1 | I56: 1.4 | K56: =ROUND(ROUND(G56,8)*I56,2) -> 1.4
A57: 89222 | B57: BETONEIRA CAPACIDADE NOMINAL DE 600 L, CAPACIDADE DE MISTURA 360 L, MOTOR ELÉTRICO TRIFÁSICO POTÊNCIA DE 4 CV, SEM CARREGADOR - JUROS. AF_05/2023 | D57: SINAPI | F57: H | G57: 1 | I57: 0.32 | K57: =ROUND(ROUND(G57,8)*I57,2) -> 0.32
A58: 89223 | B58: BETONEIRA CAPACIDADE NOMINAL DE 600 L, CAPACIDADE DE MISTURA 360 L, MOTOR ELÉTRICO TRIFÁSICO POTÊNCIA DE 4 CV, SEM CARREGADOR - MANUTENÇÃO. AF_05/2023 | D58: SINAPI | F58: H | G58: 1 | I58: 1.53 | K58: =ROUND(ROUND(G58,8)*I58,2) -> 1.53
A59: 89224 | B59: BETONEIRA CAPACIDADE NOMINAL DE 600 L, CAPACIDADE DE MISTURA 360 L, MOTOR ELÉTRICO TRIFÁSICO POTÊNCIA DE 4 CV, SEM CARREGADOR - MATERIAIS NA OPERAÇÃO. AF_05/2023 | D59: SINAPI | F59: H | G59: 1 | I59: 2.55 | K59: =ROUND(ROUND(G59,8)*I59,2) -> 2.55
G60: TOTAL Serviço: | K60: =SUM(K56:K59) -> 5.8
G61: VALOR: | K61: =ROUND(SUM(K60),2) -> 5.8
A63: 89221 BETONEIRA CAPACIDADE NOMINAL DE 600 L, CAPACIDADE DE MISTURA 360 L, MOTOR ELÉTRICO TRIFÁSICO POTÊNCIA DE 4 CV, SEM CARREGADOR - DEPRECIAÇÃO. AF_05/2023 (H)
A64: Equipamento | D64: FONTE | F64: UNID | G64: COEFICIENTE | I64: PREÇO UNITÁRIO | K64: TOTAL
A65: 00036397 | B65: BETONEIRA, CAPACIDADE NOMINAL 600 L, CAPACIDADE DE MISTURA 360 L, MOTOR ELETRICO TRIFASICO 220/380V, POTENCIA 4CV, SEM CARREGADOR | D65: SINAPI | F65: UN | G65: 6.4e-05 | I65: 21963.86 | K65: =ROUND(ROUND(G65,8)*I65,2) -> 1.41
G66: TOTAL Equipamento: | K66: =SUM(K65:K65) -> 1.41
G67: VALOR: | K67: =ROUND(SUM(K66),2) -> 1.41
A69: 89222 BETONEIRA CAPACIDADE NOMINAL DE 600 L, CAPACIDADE DE MISTURA 360 L, MOTOR ELÉTRICO TRIFÁSICO POTÊNCIA DE 4 CV, SEM CARREGADOR - JUROS. AF_05/2023 (H)
A70: Equipamento | D70: FONTE | F70: UNID | G70: COEFICIENTE | I70: PREÇO UNITÁRIO | K70: TOTAL
A71: 00036397 | B71: BETONEIRA, CAPACIDADE NOMINAL 600 L, CAPACIDADE DE MISTURA 360 L, MOTOR ELETRICO TRIFASICO 220/380V, POTENCIA 4CV, SEM CARREGADOR | D71: SINAPI | F71: UN | G71: 1.48e-05 | I71: 21963.86 | K71: =ROUND(ROUND(G71,8)*I71,2) -> 0.33
G72: TOTAL Equipamento: | K72: =SUM(K71:K71) -> 0.33
G73: VALOR: | K73: =ROUND(SUM(K72),2) -> 0.33
A75: 89223 BETONEIRA CAPACIDADE NOMINAL DE 600 L, CAPACIDADE DE MISTURA 360 L, MOTOR ELÉTRICO TRIFÁSICO POTÊNCIA DE 4 CV, SEM CARREGADOR - MANUTENÇÃO. AF_05/2023 (H)
A76: Equipamento | D76: FONTE | F76: UNID | G76: COEFICIENTE | I76: PREÇO UNITÁRIO | K76: TOTAL
A77: 00036397 | B77: BETONEIRA, CAPACIDADE NOMINAL 600 L, CAPACIDADE DE MISTURA 360 L, MOTOR ELETRICO TRIFASICO 220/380V, POTENCIA 4CV, SEM CARREGADOR | D77: SINAPI | F77: UN | G77: 7e-05 | I77: 21963.86 | K77: =ROUND(ROUND(G77,8)*I77,2) -> 1.54
G78: TOTAL Equipamento: | K78: =SUM(K77:K77) -> 1.54
G79: VALOR: | K79: =ROUND(SUM(K78),2) -> 1.54
A81: 89224 BETONEIRA CAPACIDADE NOMINAL DE 600 L, CAPACIDADE DE MISTURA 360 L, MOTOR ELÉTRICO TRIFÁSICO POTÊNCIA DE 4 CV, SEM CARREGADOR - MATERIAIS NA OPERAÇÃO. AF_05/2023 (H)
A82: Especiais | D82: FONTE | F82: UNID | G82: COEFICIENTE | I82: PREÇO UNITÁRIO | K82: TOTAL
A83: 00002705 | B83: ENERGIA ELETRICA ATE 2000 KWH INDUSTRIAL, SEM DEMANDA | D83: SINAPI | F83: KWH | G83: 2.5 | I83: 1.02 | K83: =ROUND(ROUND(G83,8)*I83,2) -> 2.55
G84: TOTAL Especiais: | K84: =SUM(K83:K83) -> 2.55
G85: VALOR: | K85: =ROUND(SUM(K84),2) -> 2.55
A87: 88260 CALCETEIRO COM ENCARGOS COMPLEMENTARES (H)
A88: Encargos Complementares | D88: FONTE | F88: UNID | G88: COEFICIENTE | I88: PREÇO UNITÁRIO | K88: TOTAL
A89: 00037370 | B89: ALIMENTACAO - HORISTA (COLETADO CAIXA - ENCARGOS COMPLEMENTARES) | D89: SINAPI | F89: H | G89: 1 | I89: 2.79 | K89: =ROUND(ROUND(G89,8)*I89,2) -> 2.79
A90: 00043489 | B90: EPI - FAMILIA PEDREIRO - HORISTA (ENCARGOS COMPLEMENTARES - COLETADO CAIXA) | D90: SINAPI | F90: H | G90: 1 | I90: 1.31 | K90: =ROUND(ROUND(G90,8)*I90,2) -> 1.31
A91: 00037372 | B91: EXAMES - HORISTA (COLETADO CAIXA - ENCARGOS COMPLEMENTARES) | D91: SINAPI | F91: H | G91: 1 | I91: 1.43 | K91: =ROUND(ROUND(G91,8)*I91,2) -> 1.43
A92: 00043465 | B92: FERRAMENTAS - FAMILIA PEDREIRO - HORISTA (ENCARGOS COMPLEMENTARES - COLETADO CAIXA) | D92: SINAPI | F92: H | G92: 1 | I92: 0.78 | K92: =ROUND(ROUND(G92,8)*I92,2) -> 0.78
A93: 00037373 | B93: SEGURO - HORISTA (COLETADO CAIXA - ENCARGOS COMPLEMENTARES) | D93: SINAPI | F93: H | G93: 1 | I93: 0.08 | K93: =ROUND(ROUND(G93,8)*I93,2) -> 0.08
A94: 00037371 | B94: TRANSPORTE - HORISTA (COLETADO CAIXA - ENCARGOS COMPLEMENTARES) | D94: SINAPI | F94: H | G94: 1 | I94: 0.54 | K94: =ROUND(ROUND(G94,8)*I94,2) -> 0.54
G95: TOTAL Encargos Complementares: | K95: =SUM(K89:K94) -> 6.93
A96: Mão de Obra | D96: FONTE | F96: UNID | G96: COEFICIENTE | I96: PREÇO UNITÁRIO | K96: TOTAL
A97: 00004759 | B97: CALCETEIRO / RASTELEIRO (HORISTA) | D97: SINAPI | F97: H | G97: 1 | I97: 22.45 | K97: =ROUND(ROUND(G97,8)*I97,2) -> 22.45
G98: TOTAL Mão de Obra: | K98: =SUM(K97:K97) -> 22.45
A99: Serviço | D99: FONTE | F99: UNID | G99: COEFICIENTE | I99: PREÇO UNITÁRIO | K99: TOTAL
A100: 95328 | B100: CURSO DE CAPACITAÇÃO PARA CALCETEIRO (ENCARGOS COMPLEMENTARES) - HORISTA | D100: SINAPI | F100: H | G100: 1 | I100: 0.25 | K100: =ROUND(ROUND(G100,8)*I100,2) -> 0.25
G101: TOTAL Serviço: | K101: =SUM(K100:K100) -> 0.25
G102: VALOR: | K102: =ROUND(SUM(K95,K98,K101),2) -> 29.63
A104: 91386 CAMINHÃO BASCULANTE 10 M3, TRUCADO CABINE SIMPLES, PESO BRUTO TOTAL 23.000 KG, CARGA ÚTIL MÁXIMA 15.935 KG, DISTÂNCIA ENTRE EIXOS 4,80 M, POTÊNCIA 230 CV INCLUSIVE CAÇAMBA METÁLICA - CHP DIURNO. AF_06/2014 (CHP)
A105: Mão de Obra com Encargos Complementares | D105: FONTE | F105: UNID | G105: COEFICIENTE | I105: PREÇO UNITÁRIO | K105: TOTAL
A106: 88281 | B106: MOTORISTA DE BASCULANTE COM ENCARGOS COMPLEMENTARES | D106: SINAPI | F106: H | G106: 1 | I106: 29.17 | K106: =ROUND(ROUND(G106,8)*I106,2) -> 29.17
G107: TOTAL Mão de Obra com Encargos Complementares: | K107: =SUM(K106:K106) -> 29.17
A108: Serviço | D108: FONTE | F108: UNID | G108: COEFICIENTE | I108: PREÇO UNITÁRIO | K108: TOTAL
A109: 91380 | B109: CAMINHÃO BASCULANTE 10 M3, TRUCADO CABINE SIMPLES, PESO BRUTO TOTAL 23.000 KG, CARGA ÚTIL MÁXIMA 15.935 KG, DISTÂNCIA ENTRE EIXOS 4,80 M, POTÊNCIA 230 CV INCLUSIVE CAÇAMBA METÁLICA - DEPRECIAÇÃO. AF_06/2014 | D109: SINAPI | F109: H | G109: 1 | I109: 29.85 | K109: =ROUND(ROUND(G109,8)*I109,2) -> 29.85
A110: 91382 | B110: CAMINHÃO BASCULANTE 10 M3, TRUCADO CABINE SIMPLES, PESO BRUTO TOTAL 23.000 KG, CARGA ÚTIL MÁXIMA 15.935 KG, DISTÂNCIA ENTRE EIXOS 4,80 M, POTÊNCIA 230 CV INCLUSIVE CAÇAMBA METÁLICA - IMPOSTOS E SEGUROS. AF_06/2014 | D110: SINAPI | F110: H | G110: 1 | I110: 4.62 | K110: =ROUND(ROUND(G110,8)*I110,2) -> 4.62
A111: 91381 | B111: CAMINHÃO BASCULANTE 10 M3, TRUCADO CABINE SIMPLES, PESO BRUTO TOTAL 23.000 KG, CARGA ÚTIL MÁXIMA 15.935 KG, DISTÂNCIA ENTRE EIXOS 4,80 M, POTÊNCIA 230 CV INCLUSIVE CAÇAMBA METÁLICA - JUROS. AF_06/2014 | D111: SINAPI | F111: H | G111: 1 | I111: 11.46 | K111: =ROUND(ROUND(G111,8)*I111,2) -> 11.46
A112: 91383 | B112: CAMINHÃO BASCULANTE 10 M3, TRUCADO CABINE SIMPLES, PESO BRUTO TOTAL 23.000 KG, CARGA ÚTIL MÁXIMA 15.935 KG, DISTÂNCIA ENTRE EIXOS 4,80 M, POTÊNCIA 230 CV INCLUSIVE CAÇAMBA METÁLICA - MANUTENÇÃO. AF_06/2014 | D112: SINAPI | F112: H | G112: 1 | I112: 53.74 | K112: =ROUND(ROUND(G112,8)*I112,2) -> 53.74
...

Sheet CURVA ABC SERVICOS
A3: CÓDIGO | B3: DESCRIÇÃO | C3: FONTE | D3: TIPO | E3: UNIDADE | F3: QUANTIDADE | G3: PREÇO UNITÁRIO | H3: PREÇO TOTAL | I3: % | J3: ACUMUL. % | K3: CL
A4: 00036170 | B4: BLOQUETE/PISO INTERTRAVADO DE CONCRETO - MODELO ONDA/16 FACES/RETANGULAR/TIJOLINHO/PAVER/HOLANDES/PARALELEPIPEDO, *20 X 10* CM, E = 8 CM, RESISTENCIA DE 35 MPA, COR NATURAL | C4: SINAPI | D4: Material | E4: M2 | F4: 2117 | G4: 71 | H4: =ROUND(F4*G4,2) -> 150307 | I4: =H4/VALOR_TOTAL*100 -> 19.237283 | J4: =I4 -> 19.237283 | K4: =IF(J4<=80,"A",IF(J4<=90,"B","C")) -> A
A5: 105730 | B5: CONSTRUÇÃO DE BASE E SUB-BASE PARA PAVIMENTAÇÃO DE BRITA GRADUADA SIMPLES, COM ESPESSURA DE 20 CM - EXCLUSIVE CARGA E TRANSPORTE. AF_09/2024 | C5: SINAPI | D5: Serviço | E5: M3 | F5: 547.17 | G5: 204.49 | H5: =ROUND(F5*G5,2) -> 111890.79 | I5: =H5/VALOR_TOTAL*100 -> 14.320523 | J5: =I5+J4 -> 33.557806 | K5: =IF(J5<=80,"A",IF(J5<=90,"B","C")) -> A
A6: 94273 | B6: ASSENTAMENTO DE GUIA (MEIO-FIO) EM TRECHO RETO, CONFECCIONADA EM CONCRETO PRÉ-FABRICADO, DIMENSÕES 100X15X13X30 CM (COMPRIMENTO X BASE INFERIOR X BASE SUPERIOR X ALTURA). AF_01/2024 | C6: SINAPI | D6: Serviço | E6: M | F6: 1371.96 | G6: 61.87 | H6: =ROUND(F6*G6,2) -> 84883.17 | I6: =H6/VALOR_TOTAL*100 -> 10.863909 | J6: =I6+J5 -> 44.421715 | K6: =IF(J6<=80,"A",IF(J6<=90,"B","C")) -> A
A7: CP-92399-27762594 | B7: EXECUÇÃO DE VIA EM PISO INTERTRAVADO, COM BLOCO RETANGULAR COR NATURAL/COLORIDO DE 20 X 10 CM, ESPESSURA 8 CM - (SEM O MATERIAL BLOQUETE/PISO INTERTRAVADO) | C7: Composições | D7: Serviço | E7: M2 | F7: 2735.83 | G7: 28.16 | H7: =ROUND(F7*G7,2) -> 77040.97 | I7: =H7/VALOR_TOTAL*100 -> 9.8602125 | J7: =I7+J6 -> 54.281928 | K7: =IF(J7<=80,"A",IF(J7<=90,"B","C")) -> A
A8: 00036154 | B8: BLOQUETE/PISO INTERTRAVADO DE CONCRETO - MODELO ONDA/16 FACES/RETANGULAR/TIJOLINHO/PAVER/HOLANDES/PARALELEPIPEDO, *20 X 10* CM, E = 8 CM, RESISTENCIA DE 35 MPA, COLORIDO | C8: SINAPI | D8: Material | E8: M2 | F8: 644.93 | G8: 93.92 | H8: =ROUND(F8*G8,2) -> 60571.83 | I8: =H8/VALOR_TOTAL*100 -> 7.7523831 | J8: =I8+J7 -> 62.034311 | K8: =IF(J8<=80,"A",IF(J8<=90,"B","C")) -> A
A9: 95876 | B9: TRANSPORTE COM CAMINHÃO BASCULANTE DE 14 M³, EM VIA URBANA PAVIMENTADA, DMT ATÉ 30 KM (UNIDADE: M3XKM). AF_07/2020 | C9: SINAPI | D9: Serviço | E9: M3XKM | F9: 14365.21 | G9: 2.55 | H9: =ROUND(F9*G9,2) -> 36631.29 | I9: =H9/VALOR_TOTAL*100 -> 4.6883146 | J9: =I9+J8 -> 66.722625 | K9: =IF(J9<=80,"A",IF(J9<=90,"B","C")) -> A
A10: 97896 | B10: CAIXA ENTERRADA HIDRÁULICA RETANGULAR, EM CONCRETO PRÉ-MOLDADO, DIMENSÕES INTERNAS: 0,4X0,4X0,4 M. AF_12/2020 | C10: SINAPI | D10: Serviço | E10: UN | F10: 96 | G10: 332.84 | H10: =ROUND(F10*G10,2) -> 31952.64 | I10: =H10/VALOR_TOTAL*100 -> 4.08951 | J10: =I10+J9 -> 70.812135 | K10: =IF(J10<=80,"A",IF(J10<=90,"B","C")) -> A
A11: 93572 | B11: ENCARREGADO GERAL DE OBRAS COM ENCARGOS COMPLEMENTARES | C11: SINAPI | D11: Mão de Obra com Encargos Complementares | E11: MES | F11: 3 | G11: 9964.61 | H11: =ROUND(F11*G11,2) -> 29893.83 | I11: =H11/VALOR_TOTAL*100 -> 3.8260099 | J11: =I11+J10 -> 74.638145 | K11: =IF(J11<=80,"A",IF(J11<=90,"B","C")) -> A
A12: 93358 | B12: ESCAVAÇÃO MANUAL DE VALA. AF_09/2024 | C12: SINAPI | D12: Serviço | E12: M3 | F12: 233 | G12: 111.99 | H12: =ROUND(F12*G12,2) -> 26093.67 | I12: =H12/VALOR_TOTAL*100 -> 3.3396403 | J12: =I12+J11 -> 77.977786 | K12: =IF(J12<=80,"A",IF(J12<=90,"B","C")) -> A
A13: 93565 | B13: ENGENHEIRO CIVIL DE OBRA JUNIOR COM ENCARGOS COMPLEMENTARES | C13: SINAPI | D13: Mão de Obra com Encargos Complementares | E13: MES | F13: 0.75 | G13: 27222.79 | H13: =ROUND(F13*G13,2) -> 20417.09 | I13: =H13/VALOR_TOTAL*100 -> 2.6131141 | J13: =I13+J12 -> 80.5909 | K13: =IF(J13<=80,"A",IF(J13<=90,"B","C")) -> B
A14: 102264 | B14: TUBO DE PVC BRANCO PARA REDE COLETORA DE ESGOTO CONDOMINIAL DE PAREDE MACIÇA, DN 100 MM, JUNTA ELÁSTICA - FORNECIMENTO E ASSENTAMENTO. AF_01/2021 | C14: SINAPI | D14: Serviço | E14: M | F14: 907.88 | G14: 20.35 | H14: =ROUND(F14*G14,2) -> 18475.36 | I14: =H14/VALOR_TOTAL*100 -> 2.3645987 | J14: =I14+J13 -> 82.955499 | K14: =IF(J14<=80,"A",IF(J14<=90,"B","C")) -> B
A15: COMP-35145154 | B15: CARGA E DESCARGA MECANICA DE SOLO UTILIZANDO CAMINHAO BASCULANTE 14,0M3/36T E PA CARREGADEIRA SOBRE PNEUS 128 HP, CAPACIDADE DA CAÇAMBA 1,7 A 2,8 M3, PESO OPERACIONAL 11632 KH | C15: Composições | D15: Serviço | E15: M³ | F15: 4760.73 | G15: 2.96 | H15: =ROUND(F15*G15,2) -> 14091.76 | I15: =H15/VALOR_TOTAL*100 -> 1.8035566 | J15: =I15+J14 -> 84.759055 | K15: =IF(J15<=80,"A",IF(J15<=90,"B","C")) -> B
A16: CP-94296-25656932 | B16: TOPOGRAFO COM ENCARGOS COMPLEMENTARES | C16: Composições | D16: Mão de Obra com Encargos Complementares | E16: MES | F16: 1.5 | G16: 8267.17 | H16: =ROUND(F16*G16,2) -> 12400.76 | I16: =H16/VALOR_TOTAL*100 -> 1.5871312 | J16: =I16+J15 -> 86.346186 | K16: =IF(J16<=80,"A",IF(J16<=90,"B","C")) -> B
... A33: COMP-58084869 | B33: PLACA ESMALTADA PARA IDENTIFICAÇÃO NR DE RUA, DIMENSÕES 45X25CM | C33: Composições | D33: Serviço | E33: UND | F33: 3 | G33: 167.97 | H33: =ROUND(F33*G33,2) -> 503.91 | I33: =H33/VALOR_TOTAL*100 -> 0.064493732 | J33: =I33+J32 -> 99.999995 | K33: =IF(J33<=80,"A",IF(J33<=90,"B","C")) -> C
G35: ="Subtotal até "&TRUNC(J33,2)&"%" -> Subtotal até 99,99% | I35: =SUM(H4:H33) -> 781331.7
G36: Outros: | I36: =I37-I35 -> 0.04
G37: Valor total do Orçamento: | I37: 781331.74
A38: EVERALDO MERGULHÃO - CREA Nº 1818551071

Sheet CRONOGRAMA
A2: ITEM | B2: DESCRIÇÃO | C2: % | D2: VALOR (R$) | E2: MÊS 1 | G2: MÊS 2 | I2: MÊS 3 | K2: MÊS 4 | N2: MÊS 5 | P2: MÊS 6 | R2: Total parcela
E3: % | F3: R$ | G3: % | H3: R$ | I3: % | J3: R$ | K3: % | L3: R$ | N3: % | O3: R$ | P3: % | Q3: R$ | R3: % | S3: R$
A4: 1 | B4: RUA JARANGUARI | C4: =D4/C7*100 -> 38.052202 | D4: 297313.93 | E4: 50.4 | F4: =IF(E4>0,IF(AND(SUM(0,E4)=100,R4=100),D4-SUM(0),ROUND(D4*E4/100,2)),"") -> 149846.22 | G4: 49.6 | H4: =IF(G4>0,IF(AND(SUM(0,E4,G4)=100,R4=100),D4-SUM(0,F4),ROUND(D4*G4/100,2)),"") -> 147467.71 | J4: =IF(I4>0,IF(AND(SUM(0,E4,G4,I4)=100,R4=100),D4-SUM(0,F4,H4),ROUND(D4*I4/100,2)),"") | L4: =IF(K4>0,IF(AND(SUM(0,E4,G4,I4,K4)=100,R4=100),D4-SUM(0,F4,H4,J4),ROUND(D4*K4/100,2)),"") | O4: =IF(N4>0,IF(AND(SUM(0,E4,G4,I4,K4,N4)=100,R4=100),D4-SUM(0,F4,H4,J4,L4),ROUND(D4*N4/100,2)),"") | Q4: =IF(P4>0,IF(AND(SUM(0,E4,G4,I4,K4,N4,P4)=100,R4=100),D4-SUM(0,F4,H4,J4,L4,O4),ROUND(D4*P4/100,2)),"") | R4: =SUM(0,E4,G4,I4,K4,N4,P4) -> 100 | S4: =SUM(0,F4,H4,J4,L4,O4,Q4) -> 297313.93
A5: 2 | B5: RUA GUANANBI | C5: =D5/C7*100 -> 35.382283 | D5: 276453.01 | F5: =IF(E5>0,IF(AND(SUM(0,E5)=100,R5=100),D5-SUM(0),ROUND(D5*E5/100,2)),"") | H5: =IF(G5>0,IF(AND(SUM(0,E5,G5)=100,R5=100),D5-SUM(0,F5),ROUND(D5*G5/100,2)),"") | I5: 50 | J5: =IF(I5>0,IF(AND(SUM(0,E5,G5,I5)=100,R5=100),D5-SUM(0,F5,H5),ROUND(D5*I5/100,2)),"") -> 138226.51 | K5: 50 | L5: =IF(K5>0,IF(AND(SUM(0,E5,G5,I5,K5)=100,R5=100),D5-SUM(0,F5,H5,J5),ROUND(D5*K5/100,2)),"") -> 138226.5 | O5: =IF(N5>0,IF(AND(SUM(0,E5,G5,I5,K5,N5)=100,R5=100),D5-SUM(0,F5,H5,J5,L5),ROUND(D5*N5/100,2)),"") | Q5: =IF(P5>0,IF(AND(SUM(0,E5,G5,I5,K5,N5,P5)=100,R5=100),D5-SUM(0,F5,H5,J5,L5,O5),ROUND(D5*P5/100,2)),"") | R5: =SUM(0,E5,G5,I5,K5,N5,P5) -> 100 | S5: =SUM(0,F5,H5,J5,L5,O5,Q5) -> 276453.01
A6: 3 | B6: RUA JOSÉ PAULINO | C6: =D6/C7*100 -> 26.565515 | D6: 207564.8 | F6: =IF(E6>0,IF(AND(SUM(0,E6)=100,R6=100),D6-SUM(0),ROUND(D6*E6/100,2)),"") | H6: =IF(G6>0,IF(AND(SUM(0,E6,G6)=100,R6=100),D6-SUM(0,F6),ROUND(D6*G6/100,2)),"") | J6: =IF(I6>0,IF(AND(SUM(0,E6,G6,I6)=100,R6=100),D6-SUM(0,F6,H6),ROUND(D6*I6/100,2)),"") | L6: =IF(K6>0,IF(AND(SUM(0,E6,G6,I6,K6)=100,R6=100),D6-SUM(0,F6,H6,J6),ROUND(D6*K6/100,2)),"") | N6: 50 | O6: =IF(N6>0,IF(AND(SUM(0,E6,G6,I6,K6,N6)=100,R6=100),D6-SUM(0,F6,H6,J6,L6),ROUND(D6*N6/100,2)),"") -> 103782.4 | P6: 50 | Q6: =IF(P6>0,IF(AND(SUM(0,E6,G6,I6,K6,N6,P6)=100,R6=100),D6-SUM(0,F6,H6,J6,L6,O6),ROUND(D6*P6/100,2)),"") -> 103782.4 | R6: =SUM(0,E6,G6,I6,K6,N6,P6) -> 100 | S6: =SUM(0,F6,H6,J6,L6,O6,Q6) -> 207564.8
C7: =SUM(D4,D5,D6) -> 781331.74 | E7: =F7/C7*100 -> 19.17831 | F7: =SUM(F4,F5,F6) -> 149846.22 | G7: =H7/C7*100 -> 18.873892 | H7: =SUM(H4,H5,H6) -> 147467.71 | I7: =J7/C7*100 -> 17.691142 | J7: =SUM(J4,J5,J6) -> 138226.51 | K7: =L7/C7*100 -> 17.691141 | L7: =SUM(L4,L5,L6) -> 138226.5 | N7: =O7/C7*100 -> 13.282757 | O7: =SUM(O4,O5,O6) -> 103782.4 | P7: =Q7/C7*100 -> 13.282757 | Q7: =SUM(Q4,Q5,Q6) -> 103782.4 | S7: =Q8 -> 781331.74
E8: =F8/C7*100 -> 19.17831 | F8: =F7 -> 149846.22 | G8: =H8/C7*100 -> 38.052202 | H8: =H7+F8 -> 297313.93 | I8: =J8/C7*100 -> 55.743344 | J8: =J7+H8 -> 435540.44 | K8: =L8/C7*100 -> 73.434485 | L8: =L7+J8 -> 573766.94 | N8: =O8/C7*100 -> 86.717243 | O8: =O7+L8 -> 677549.34 | P8: =Q8/C7*100 -> 100 | Q8: =Q7+O8 -> 781331.74
A9: EVERALDO MERGULHÃO - CREA Nº 1818551071

Sheet BDI
A3: COD | B3: DESCRIÇÃO | C3: %
B5: Benefício
A6: S + G | B6: Garantia/seguros | C6: 0.32
A7: L | B7: Lucro | C7: 2.73
B8: TOTAL | C8: 3.05
B11: Despesas Indiretas
A12: AC | B12: Administração central | C12: 3.8
A13: DF | B13: Despesas financeiras | C13: 1.02
A14: R | B14: Riscos | C14: 0.5
B15: TOTAL | C15: 5.32
A18: I | B18: Impostos
B19: COFINS | C19: 3
B20: ISS | C20: 4
B21: PIS | C21: 0.65
B22: TOTAL | C22: 7.65
B24: BDI = 17,57%
A27: COD | B27: DESCRIÇÃO | C27: %
B29: Benefício
A30: S + G | B30: Garantia/seguros | C30: 0.3
A31: L | B31: Lucro | C31: 2.73
B32: TOTAL | C32: 3.03
B35: Despesas Indiretas
A36: AC | B36: Administração central | C36: 1.5
A37: DF | B37: Despesas financeiras | C37: 0.85
A38: R | B38: Riscos | C38: 0.56
B39: TOTAL | C39: 2.91
A42: I | B42: Impostos
B43: COFINS | C43: 3
B44: PIS | C44: 0.65
B45: TOTAL | C45: 3.65
B47: BDI = 10,07%
A49: EVERALDO MERGULHÃO - CREA Nº 1818551071

Sheet ENCARGOS SOCIAIS
A3: COD | B3: DESCRIÇÃO | C3: HORISTA % | E3: MENSALISTA %
A5: A | B5: GRUPO A
A6: A1 | B6: INSS | C6: 20 | E6: 20
A7: A2 | B7: SESI | C7: 1.5 | E7: 1.5
A8: A3 | B8: SENAI | C8: 1 | E8: 1
A9: A4 | B9: INCRA | C9: 0.2 | E9: 0.2
A10: A5 | B10: SEBRAE | C10: 0.6 | E10: 0.6
A11: A6 | B11: Salário Educação | C11: 2.5 | E11: 2.5
A12: A7 | B12: Seguro Contra Acidentes de Trabalho | C12: 3 | E12: 3
A13: A8 | B13: FGTS | C13: 8 | E13: 8
A14: A9 | B14: SECONCI | C14: 0 | E14: 0
B15: TOTAL | C15: 36.8 | E15: 36.8
A17: B | B17: GRUPO B
A18: B1 | B18: Repouso Semanal Remunerado | C18: 18.01 | E18: 0
A19: B2 | B19: Feriados | C19: 4.32 | E19: 0
A20: B3 | B20: Auxílio - Enfermidade | C20: 0.86 | E20: 0.65
A21: B4 | B21: 13º Salário | C21: 10.97 | E21: 8.33
A22: B5 | B22: Licença Paternidade | C22: 0.07 | E22: 0.05
A23: B6 | B23: Faltas Justificadas | C23: 0.73 | E23: 0.56
A24: B7 | B24: Dias de Chuvas | C24: 1.96 | E24: 0
A25: B8 | B25: Auxílio Acidente de Trabalho | C25: 0.1 | E25: 0.07
A26: B9 | B26: Férias Gozadas | C26: 9.95 | E26: 7.56
A27: B10 | B27: Salário Maternidade | C27: 0.03 | E27: 0.03
B28: TOTAL | C28: 47 | E28: 17.25
A30: C | B30: GRUPO C
A31: C1 | B31: Aviso Prévio Indenizado | C31: 4.77 | E31: 3.63
A32: C2 | B32: Aviso Prévio Trabalhado | C32: 0.11 | E32: 0.09
A33: C3 | B33: Férias Indenizadas | C33: 3.98 | E33: 3.03
A34: C4 | B34: Depósito Rescisão Sem Justa Causa | C34: 3.06 | E34: 2.33
A35: C5 | B35: Indenização Adicional | C35: 0.4 | E35: 0.31
B36: TOTAL | C36: 12.32 | E36: 9.39
A38: D | B38: GRUPO D
A39: D1 | B39: Reincidência de Grupo A sobre Grupo B | C39: 17.3 | E39: 6.35
A40: D2 | B40: Reincidência de Grupo A sobre Aviso Prévio Trabalhado e Reincidência do FGTS sobre Aviso Prévio Indenizado | C40: 0.42 | E40: 0.32
B41: TOTAL | C41: 17.72 | E41: 6.67
B43: A + B + C + D = | C43: 113.84 | E43: 70.11
A44: EVERALDO MERGULHÃO - CREA Nº 1818551071

Sheet MAPA COTAÇÃO
A6: MAPA DE COTAÇÕES - CADASTRO DE FORNECEDORES
A8: MAPA DE COTAÇÕES - PREÇOS
A10: CÓDIGO | B10: DESCRIÇÃO | C10: UNID | D10: MÉDIA | E10: MEDIANA | F10: MENOR | G10: Fornecedores | H10: Fornecedor A | I10: Fornecedor B | J10: Fornecedor C
A11: COMP-20511029 | B11: MOBILIZAÇÃO DE CONTAINER | C11: UND | D11: =AVERAGE(H18:J18) -> 883.33333 | E11: =MEDIAN(H18:J18) -> 900 | F11: =MIN(D11:E18) -> 883.33333 | G11: Razão Social: | H11: LOKTAINER LOCAÇÃO DE CONTAINER | I11: BRAVO LOCAÇÃO DE MÁQUINAS E EQUIPAMENTOS | J11: PIRAJU EQUIPAMENTOS
G12: CNPJ: | H12: 25.259.985/0004-48 | I12: 14.543.772/0001-84 | J12: 02.527.674/0001-74
G13: Nome do Contato: | H13: COMERCIAL | I13: COMERCIAL | J13: COMERCIAL
G14: Data do Contato: | H14: 46028 | I14: 46035 | J14: 46034
G15: Telefone: | J15: 81 98138-3377
G16: Preço Produto: | H16: 900 | I16: 850 | J16: 900
G17: Frete e limpeza: | H17: 0 | I17: 0 | J17: 0
G18: Preço total: | H18: =H16+H17 -> 900 | I18: =I16+I17 -> 850 | J18: =J16+J17 -> 900
A20: CÓDIGO | B20: DESCRIÇÃO | C20: UNID | D20: MÉDIA | E20: MEDIANA | F20: MENOR | G20: Fornecedores | H20: Fornecedor A | I20: Fornecedor B | J20: Fornecedor C
A21: COMP-38919866 | B21: DESMOBILIZAÇÃO DE CONTAINER | C21: UND | D21: =ROUND(AVERAGE(H28:J28),2) -> 883.33 | E21: =ROUND(MEDIAN(H28:J28),2) -> 900 | F21: =MIN(D21:E28) -> 883.33 | G21: Razão Social: | H21: LOKTAINER LOCAÇÃO DE CONTAINER | I21: BRAVO LOCAÇÃO DE MÁQUINAS E EQUIPAMENTOS | J21: PIRAJU EQUIPAMENTOS
G22: CNPJ: | H22: 25.259.985/0004-48 | I22: 14.543.772/0001-84 | J22: 02.527.674/0001-74
G23: Nome do Contato: | H23: COMERCIAL | I23: COMERCIAL | J23: COMERCIAL
G24: Data do Contato: | H24: 46028 | I24: 46035 | J24: 46034
G25: Telefone/E-mail: | J25: 81 98138-3377
G26: Preço Produto: | H26: 900 | I26: 850 | J26: 900
G27: Frete: | H27: 0 | I27: 0 | J27: 0
G28: Preço total: | H28: =H26+H27 -> 900 | I28: =I26+I27 -> 850 | J28: =J26+J27 -> 900
A30: CÓDIGO | B30: DESCRIÇÃO | C30: UNID | D30: MÉDIA | E30: MEDIANA | F30: MENOR | G30: Fornecedores | H30: Fornecedor A | I30: Fornecedor B | J30: Fornecedor C
A31: COMP-57092914 | B31: LOCAÇÃO DE CONTAINER PARA ESCRITORIO SEM BANHEIRO | C31: MÊS | D31: =ROUND(AVERAGE(H38:J38),2) -> 1000 | E31: =ROUND(MEDIAN(H38:J38),2) -> 1100 | F31: =MIN(D31:E38) -> 1000 | G31: Razão Social: | H31: LOKTAINER LOCAÇÃO DE CONTAINER | I31: BRAVO LOCAÇÃO DE MÁQUINAS E EQUIPAMENTOS | J31: PIRAJU EQUIPAMENTOS
G32: CNPJ: | H32: 25.259.985/0004-48 | I32: 14.543.772/0001-84 | J32: 02.527.674/0001-74
G33: Nome do Contato: | H33: COMERCIAL | I33: COMERCIAL | J33: COMERCIAL
G34: Data do Contato: | H34: 46028 | I34: 46035 | J34: 46034
G35: Telefone/E-mail: | J35: 81 98138-3377
G36: Preço Produto: | H36: 800 | I36: 1100 | J36: 1100
G37: Frete: | H37: 0 | I37: 0 | J37: 0
G38: Preço total: | H38: =H36+H37 -> 800 | I38: =I36+I37 -> 1100 | J38: =J36+J37 -> 1100
A40: CÓDIGO | B40: DESCRIÇÃO | C40: UNID | D40: MÉDIA | E40: MEDIANA | F40: MENOR | G40: Fornecedores | H40: Fornecedor A | I40: Fornecedor B | J40: Fornecedor C
A41: COMP-15514540 | B41: LOCAÇÃO DE CONTAINER PARA ESCRITORIO COM BANHEIRO | C41: MÊS | D41: =ROUND(AVERAGE(H48:J48),2) -> 1083.33 | E41: =ROUND(MEDIAN(H48:J48),2) -> 1200 | F41: =MIN(D41:E48) -> 1083.33 | G41: Razão Social: | H41: LOKTAINER LOCAÇÃO DE CONTAINER | I41: BRAVO LOCAÇÃO DE MÁQUINAS E EQUIPAMENTOS | J41: PIRAJU EQUIPAMENTOS
G42: CNPJ: | H42: 25.259.985/0004-48 | I42: 14.543.772/0001-84 | J42: 02.527.674/0001-74
G43: Nome do Contato: | H43: COMERCIAL | I43: COMERCIAL | J43: COMERCIAL
G44: Data do Contato: | H44: 46028 | I44: 46035 | J44: 46034
G45: Telefone/E-mail: | J45: 81 98138-3377
G46: Preço Produto: | H46: 850 | I46: 1200 | J46: 1200
G47: Frete: | H47: 0 | I47: 0 | J47: 0
G48: Preço total: | H48: =H46+H47 -> 850 | I48: =I46+I47 -> 1200 | J48: =J46+J47 -> 1200
A50: CÓDIGO | B50: DESCRIÇÃO | C50: UNID | D50: MÉDIA | E50: MEDIANA | F50: MENOR | G50: Fornecedores | H50: Fornecedor A | I50: Fornecedor B | J50: Fornecedor C
A51: INS-13695818 | B51: ALUGUEL DE BANHEIRO QUÍMICO INCLUSIVE LOCAÇÃO, TRANSPORTE E LIMPEZA | C51: MÊS | D51: =AVERAGE(H58:J58) -> 1296.6667 | E51: =MEDIAN(H58:J58) -> 1200 | F51: =MIN(D51:E58) -> 1200 | G51: Razão Social: | H51: LITORAL BANHEIROS QUÍMICOS | I51: BW LOCAÇÕES E SERVIÇOS | J51: WC LOC
G52: CNPJ: | H52: 11.761.604/0001-77 | I52: 03.609.5070001-35 | J52: 11.897.590/0001-13
G53: Nome do Contato: | H53: IANA RENATA | I53: DRIELLY MARTINS | J53: VIVIANE CARNEIRO
G54: Data do Contato: | H54: 46028 | I54: 46028 | J54: 45894
G55: Telefone: | H55: 81 99812-5679 | I55: 81 3339-1469 | J55: 81 9968-0675
G56: Preço Produto: | H56: 900 | I56: 1200 | J56: 890
G57: Frete e limpeza: | H57: 0 | I57: 0 | J57: =450+450 -> 900
G58: Preço total: | H58: =H56+H57 -> 900 | I58: =I56+I57 -> 1200 | J58: =J56+J57 -> 1790
